 Dungeon Crawl Stone Soup version 0.22-a0-525-gf69a080 (webtiles) character file.

1341176 Goblin1989 the Grand Master (level 27, -3/273 HPs)
             Began as a Minotaur Berserker on May 18, 2018.
             Was the Champion of Vehumet.
             Killed from afar by a black draconian scorcher (43 damage)
             ... with damnation
             ... on level 26 of a ziggurat on June 22, 2018.
             The game lasted 14:24:56 (144066 turns).

Goblin1989 the Grand Master (Minotaur Berserker)  Turns: 144066, Time: 14:24:57

Health: -3/273     AC: 14    Str: 14    XL:     27
Magic:  41/54      EV: 45    Int: 23    God:    Vehumet [******]
Gold:   6457       SH: 33    Dex: 31    Spells: 8/64 levels left

rFire    + + +     SeeInvis +     - Unarmed
rCold    + + +     Gourm    +   z - +8 large shield {rPois}
rNeg     + . .     Faith    .   Y - +1 steam dragon scales of Jeixo {rC+ MR+ SInv}
rPois    +         Spirit   .   (helmet restricted)
rElec    .         Reflect  .   p - +0 cloak of Xom's Righteous Anger {rC++}
rCorr    .         Harm     .   w - +1 pair of gloves "Xajetuf" {+Fly Regen+ Dex+7}
MR       +++..                  y - -2 pair of boots of Fashionability {rF+ Str-2 Dex+3}
Stlth    ++++......             J - amulet of Xofoaj {Gourm rF++ MP+9 Stlth+}
HPRegen  1.95/turn              K - ring of Traps {Wiz +Blink}
MPRegen  0.34/turn              X - ring "Dyconoqo" {rN+ Str+3 Int+3 Slay+4}

@: agile, very slightly contaminated, regenerating, studying Spellcasting
A: retaliatory headbutt, horns 2, poison resistance, evolution 1
}: 10/15 runes: decaying, serpentine, slimy, silver, abyssal, demonic, glowing,
magical, fiery, dark
a: Renounce Religion, Evoke Blink, Evoke Flight


You were on level 26 of a ziggurat.
You worshipped Vehumet.
Vehumet was exalted by your worship.
You were very hungry.

You visited 13 branches of the dungeon, and saw 59 of its levels.
You visited Pandemonium 1 time, and saw 16 of its levels.
You visited the Abyss 20 times.
You visited 1 bazaar.
You visited 2 ziggurats (completing 1), and saw 53 of their levels.
You also visited: Sewer, Ice Cave, Volcano and Wizlab.

You collected 11524 gold pieces.
You spent 5067 gold pieces at shops.

Inventory:

Hand Weapons
 h - the +3 short sword of Ipeh {distort, rPois}
   (You found it on level 14 of a ziggurat)

   It warps and distorts space around it.
   Unwielding it can cause banishment or high damage.
   It protects you from poison.
 v - the +8 glaive of the Guard {elec, +Rage AC+5 SInv}
   (You found it on level 24 of a ziggurat)

   Occasionally, upon striking a foe, it will discharge some electrical energy
   and cause terrible harm.
   It affects your AC (+5).
   It lets you see invisible.
   It lets you go berserk.
 E - the +9 heavy crossbow "Sniper" {velocity, Acc+∞ SInv}
   (You found it on level 11 of a ziggurat)

   Any bolt fired from it inflicts extra damage.
   It lets you see invisible.
 W - the +8 Wrath of Trog {antimagic, *Rage}
   (You found it on level 15 of a ziggurat)

   It reduces the magical energy of the wielder, and disrupts the spells and
   magical abilities of those hit.
   Natural abilities and divine invocations are not affected.
   It may make you go berserk in combat.
Missiles
 Z - 48 javelins of penetration (quivered) {@Q2}
Armour
 i - the +12 fire dragon scales of Wisdom {rElec rF++ rC- rCorr Dex-3}
   (You bought it in a shop on level 2 of the Orcish Mines)

   It affects your dexterity (-3).
   It greatly protects you from fire.
   It makes you vulnerable to cold.
   It insulates you from electricity.
   It protects you from acid and corrosion.
 p - the +0 cloak of Xom's Righteous Anger (worn) {rC++}
   (You found it on level 23 of a ziggurat)

   It greatly protects you from cold.
 w - the +1 pair of gloves "Xajetuf" (worn) {+Fly Regen+ Dex+7}
   (You found it on level 15 of a ziggurat)

   It affects your dexterity (+7).
   It lets you fly.
   It increases your rate of regeneration.
 y - the -2 pair of boots of Fashionability (worn) {rF+ Str-2 Dex+3}
   (You bought it in a shop on level 15 of the Dungeon)

   It affects your strength (-2).
   It affects your dexterity (+3).
   It protects you from fire.
 z - a +8 large shield of poison resistance (worn)
 Y - the +1 steam dragon scales of Jeixo (worn) {rC+ MR+ SInv}
   (You took it off a vault warden on level 5 of the Vaults)

   It protects you from cold.
   It affects your resistance to hostile enchantments.
   It lets you see invisible.
Magical Staves
 a - an uncursed staff of wizardry {!a}
Jewellery
 b - the ring "Ramudequ" {-Tele MP+9 Int+5 Dex+4}
   (You found it on level 12 of a ziggurat)

   [ring of magical power]

   It affects your intelligence (+5).
   It affects your dexterity (+4).
   It affects your magic capacity (+9).
   It prevents most forms of teleportation.
 f - the ring of Dithmenos's Outrage {*Corrode rF+ MR+++ Str+4 Slay+6}
   (You found it on level 18 of a ziggurat)

   [ring of protection from fire]

   It affects your strength (+4).
   It affects your accuracy and damage with ranged weapons and melee attacks
   (+6).
   It protects you from fire.
   It affects your resistance to hostile enchantments.
   It may corrode you when you take damage.
 j - the amulet of the Four Winds {rN+ MR+++ Clar}
   (You found it on level 16 of a ziggurat)

   [amulet of nothing]

   It protects you from negative energy.
   It affects your resistance to hostile enchantments.
   It protects you against confusion.
 l - the amulet "Kar Deeng" {Gourm rC+ Str+4 Stlth-}
   (You took it off a balrug in Pandemonium)

   [amulet of the gourmand]

   It allows you to eat raw meat even when not hungry.
   It affects your strength (+4).
   It protects you from cold.
   It makes you less stealthy.
 m - the ring of Latwiowno {MR+ MP+9}
   (You found it on level 21 of a ziggurat)

   [ring of magical power]

   It affects your resistance to hostile enchantments.
   It affects your magic capacity (+9).
 r - the ring of Okhom {Int+4 Slay+4 Stlth+}
   (You found it on level 14 of a ziggurat)

   [ring of stealth]

   It affects your intelligence (+4).
   It affects your accuracy and damage with ranged weapons and melee attacks
   (+4).
   It makes you more stealthy.
 u - the ring of Shadows {Umbra +Inv Stlth+}
   (You found it on level 24 of a ziggurat)

   [ring of stealth]

   It lets you turn invisible.
   It makes you more stealthy.
 D - the ring of Ytocam {rC+ Str+4 SInv Stlth+}
   (You took it off a deep elf demonologist on level 3 of the Elven Halls)

   [ring of see invisible]

   It affects your strength (+4).
   It protects you from cold.
   It lets you see invisible.
   It makes you more stealthy.
 J - the amulet of Xofoaj (around neck) {Gourm rF++ MP+9 Stlth+}
   (You acquired it on level 26 of a ziggurat)

   [amulet of the gourmand]

   It allows you to eat raw meat even when not hungry.
   It greatly protects you from fire.
   It affects your magic capacity (+9).
   It makes you more stealthy.
 K - the ring of Traps (left hand) {Wiz +Blink}
   (You found it on level 24 of a ziggurat)

   [ring of wizardry]

   It improves your spell success rate.
   It lets you blink.
 N - a ring of the Octopus King {MP+9 AC+1 EV+1 Str+1 Int+1 Dex+1}
   (You found it on level 11 of a ziggurat)

   [ring of magical power]

   It affects your AC (+1).
   It affects your evasion (+1).
   It affects your strength (+1).
   It affects your intelligence (+1).
   It affects your dexterity (+1).
   It affects your magic capacity (+9).
 O - the amulet "Osish" {Acrobat *Slow +Blink rC+ Slay+2}
   (You found it on level 19 of a ziggurat)

   [amulet of the acrobat]

   It helps you evade while moving and waiting.
   It affects your accuracy and damage with ranged weapons and melee attacks
   (+2).
   It protects you from cold.
   It lets you blink.
   It may slow you when you take damage.
 P - the amulet of the Sun {Reflect rF+ rC++ Str-3 SH+2}
   (You found it on level 10 of a ziggurat)

   [amulet of reflection]

   It shields you and reflects attacks.
   It affects your strength (-3).
   It protects you from fire.
   It greatly protects you from cold.
   It affects your SH (+2).
 X - the ring "Dyconoqo" (right hand) {rN+ Str+3 Int+3 Slay+4}
   (You acquired it on level 2 of the Vaults)

   [ring of strength]

   It affects your strength (+3).
   It affects your intelligence (+3).
   It affects your accuracy and damage with ranged weapons and melee attacks
   (+4).
   It protects you from negative energy.
Wands
 A - a wand of acid (9) {@v2}
 I - a wand of iceblast (35) {@v4}
 S - a wand of clouds (3) {@v3}
 V - a wand of digging (50) {@v1}
Scrolls
 c - 4 scrolls of amnesia
 k - 49 scrolls of remove curse {@r3}
 B - 6 scrolls of blinking
 F - 19 scrolls of immolation
 H - 49 scrolls of fog
 M - 10 scrolls of magic mapping
 R - 8 scrolls of identify {@r1}
 T - 36 scrolls of teleportation {!r, @r2}
 U - 11 scrolls of enchant armour
Potions
 g - 27 potions of curing {@q1}
 n - 27 potions of mutation {!q}
 o - a potion of invisibility
 q - 24 potions of flight
 s - 9 potions of haste {@q3,}
 t - a potion of might {@q4}
 C - 5 potions of lignification
 G - 2 potions of resistance {@q6}
 L - a potion of cancellation
 Q - 3 potions of agility {@q5}
Books
 x - a manual of Spellcasting
Comestibles
 e - 63 rations


   Skills:
 O Level 27 Fighting
 + Level 14.0 Throwing
 - Level 18.0 Armour
 O Level 27 Dodging
 - Level 25.0 Shields
 O Level 27 Unarmed Combat
 + Level 19.3 Spellcasting
 + Level 24.0 Conjurations
 - Level 10.0 Charms
 * Level 14.2 Necromancy
 - Level 8.0 Translocations
 + Level 24.9 Fire Magic
 - Level 10.2 Ice Magic
 - Level 21.5 Evocations


You had 8 spell levels left.
You knew the following spells:

 Your Spells              Type           Power        Failure   Level  Hunger
a - Death's Door          Chrm/Necr      ######....   36%         8    ######.
b - Fire Storm            Conj/Fire      #######...   1%          9    #######
c - Fireball              Conj/Fire      #######...   0%          5    None
d - Blink                 Tloc           N/A          1%          2    None
e - Lesser Beckoning      Tloc           ######....   1%          3    None
f - Ignition              Fire           #######...   1%          8    ######.
g - Necromutation         Tmut/Necr      ######....   95%         8    ######.
h - Glaciate              Conj/Ice       #######...   21%         9    #######
o - Apportation           Tloc           ######       1%          1    None
R - Regeneration          Chrm/Necr      ######....   1%          3    None

Your spell library contained the following spells:

 Spells                   Type           Power        Failure   Level  Hunger
 Cause Fear               Hex            ###.......   9%          4    None
 Magic Dart               Conj           ####         0%          1    None
 Conjure Flame            Conj/Fire      #######.     0%          3    None
 Bolt of Fire             Conj/Fire      #######...   0%          6    ###....
 Bolt of Cold             Conj/Ice       #######...   1%          6    ###....
 Lightning Bolt           Conj/Air       ######....   1%          5    None
 Bolt of Magma            Conj/Fire/Erth #######...   1%          5    None
 Slow                     Hex            ###.....     1%          2    None
 Confuse                  Hex            ###.....     2%          3    None
 Invisibility             Hex            ###.....     77%         6    ###....
 Throw Flame              Conj/Fire      ######       0%          2    None
 Throw Frost              Conj/Ice       ######       0%          2    None
 Controlled Blink         Tloc           N/A          89%         8    ######.
 Freezing Cloud           Conj/Ice/Air   ######....   1%          6    ###....
 Mephitic Cloud           Conj/Pois/Air  ######..     1%          3    None
 Ring of Flames           Chrm/Fire      #######...   1%          7    #####..
 Venom Bolt               Conj/Pois      ######....   1%          5    None
 Olgreb's Toxic Radiance  Pois           ###.....     2%          4    None
 Teleport Other           Tloc           ######..     1%          3    None
 Summon Small Mammal      Summ           ###.         1%          1    None
 Bolt of Draining         Conj/Necr      #######...   0%          5    None
 Lehudib's Crystal Spear  Conj/Erth      ######....   12%         8    ######.
 Iskenderun's Mystic Bla  Conj           #######.     0%          4    None
 Summon Horrible Things   Summ           ###.......   100%        8    ######.
 Animate Dead             Necr           N/A          1%          4    None
 Pain                     Necr           ####         0%          1    None
 Animate Skeleton         Necr           N/A          0%          1    None
 Vampiric Draining        Necr           ######....   0%          3    None
 Haunt                    Necr/Summ      ######....   36%         7    #####..
 Borgnjor's Revivificati  Necr           ######....   16%         8    ######.
 Ozocubu's Refrigeration  Ice            ######....   1%          6    ###....
 Sticky Flame             Conj/Fire      #######.     0%          4    None
 Summon Ice Beast         Ice/Summ       #####...     1%          4    None
 Ozocubu's Armour         Chrm/Ice       ######..     1%          3    None
 Call Imp                 Summ           ###.....     1%          2    None
 Dispel Undead            Necr           ######..     1%          5    None
 Poison Arrow             Conj/Pois      ######....   1%          6    ###....
 Sting                    Conj/Pois      ####         0%          1    None
 Sublimation of Blood     Necr           ######....   0%          2    None
 Tukima's Dance           Hex            ###.....     2%          3    None
 Summon Demon             Summ           ###.......   24%         5    None
 Summon Greater Demon     Summ           ###.......   99%         7    #####..
 Corpse Rot               Necr           N/A          0%          2    None
 Iron Shot                Conj/Erth      ######....   1%          6    ###....
 Stone Arrow              Conj/Erth      ######       1%          3    None
 Shock                    Conj/Air       ####         0%          1    None
 Swiftness                Chrm/Air       #####...     1%          2    None
 Recall                   Summ/Tloc      N/A          1%          3    None
 Agony                    Necr           ######..     1%          5    None
 Spider Form              Tmut/Pois      ###.......   2%          3    None
 Blade Hands              Tmut           ###.......   24%         5    None
 Statue Form              Tmut/Erth      ###......    77%         6    ###....
 Ice Form                 Ice/Tmut       #####...     1%          4    None
 Dragon Form              Tmut           ###.......   99%         7    #####..
 Death Channel            Necr           ######....   1%          6    ###....
 Deflect Missiles         Chrm/Air       #####.....   17%         6    ###....
 Throw Icicle             Conj/Ice       #######.     0%          4    None
 Airstrike                Air            ###.......   2%          4    None
 Shadow Creatures         Summ           N/A          77%         6    ###....
 Confusing Touch          Hex            ###...       1%          1    None
 Flame Tongue             Conj/Fire      #####        0%          1    None
 Passwall                 Tmut/Erth      ###.....     1%          2    None
 Ignite Poison            Fire/Tmut/Pois ######..     1%          3    None
 Sticks to Snakes         Tmut           ###.....     1%          2    None
 Call Canine Familiar     Summ           ###.....     2%          3    None
 Ensorcelled Hibernation  Hex/Ice        #####.       1%          2    None
 Metabolic Englaciation   Hex/Ice        #####.....   3%          5    None
 Summon Butterflies       Summ           ###.....     1%          1    None
 Silence                  Hex/Air        ###.......   24%         5    None
 Shatter                  Erth           ###.......   100%        9    #######
 Dispersal                Tloc           ######....   5%          6    ###....
 Static Discharge         Conj/Air       ######..     1%          3    None
 Corona                   Hex            ###....      1%          1    None
 Alistair's Intoxication  Tmut/Pois      ###.....     24%         5    None
 Lee's Rapid Deconstruct  Erth           ###.......   7%          5    None
 Sandblast                Erth           ###...       1%          1    None
 Simulacrum               Ice/Necr       ######....   1%          6    ###....
 Conjure Ball Lightning   Conj/Air       ######....   1%          6    ###....
 Chain Lightning          Conj/Air       ######....   12%         8    ######.
 Excruciating Wounds      Chrm/Necr      ######....   1%          5    None
 Portal Projectile        Hex/Tloc       #####.       1%          3    None
 Monstrous Menagerie      Summ           ###.......   99%         7    #####..
 Petrify                  Tmut/Erth      ###.....     9%          4    None
 Passage of Golubria      Tloc           N/A          1%          4    None
 Orb of Destruction       Conj           #######...   1%          7    #####..
 Malign Gateway           Summ/Tloc      #####.....   78%         7    #####..
 Tornado                  Air            ###.......   100%        9    #######
 Leda's Liquefaction      Hex/Erth       ###.......   9%          4    None
 Summon Hydra             Summ           ###.......   99%         7    #####..
 Darkness                 Hex            ###.......   77%         6    ###....
 Shroud of Golubria       Chrm/Tloc      ######....   1%          2    None
 Inner Flame              Hex/Fire       ######..     1%          3    None
 Aura of Abjuration       Summ           ###.......   24%         5    None
 Beastly Appendage        Tmut           ###...       1%          1    None
 Disjunction              Tloc           ######....   89%         8    ######.
 Iskenderun's Battlesphe  Conj/Chrm      #######.     1%          5    None
 Fulminant Prism          Conj/Hex       ######....   1%          4    None
 Dazzling Spray           Conj/Hex       ######       1%          3    None
 Force Lance              Conj/Tloc      #######.     1%          4    None
 Infusion                 Chrm           ####         1%          1    None
 Song of Slaying          Chrm           ######..     1%          2    None
 Spectral Weapon          Hex/Chrm       #####...     1%          3    None
 Searing Ray              Conj           ######       0%          2    None
 Discord                  Hex            ###.......   100%        8    ######.
 Summon Forest            Summ/Tloc      #####.....   4%          5    None
 Summon Lightning Spire   Summ/Air       ###.....     9%          4    None
 Summon Guardian Golem    Hex/Summ       ###.....     2%          3    None
 Dragon's Call            Summ           ###.......   100%        9    #######
 Spellforged Servitor     Conj/Summ      ######....   1%          7    #####..
 Summon Mana Viper        Hex/Summ       ###.....     24%         5    None
 Hydra Form               Tmut           ###.......   77%         6    ###....
 Irradiate                Conj/Tmut      ######....   1%          5    None
 Gell's Gravitas          Tloc           ######....   1%          3    None
 Yara's Violent Unravell  Hex/Tmut       ###.......   7%          5    None
 Infestation              Necr           ######....   16%         8    ######.
 Poisonous Vapours        Pois/Air       ###...       1%          2    None
 Borgnjor's Vile Clutch   Necr/Erth      ######....   1%          5    None


Dungeon Overview and Level Annotations

Branches:
Dungeon (15/15)            Temple (1/1) D:6            Lair (6/6) D:11
  Swamp (4/4) Lair:2        Snake (4/4) Lair:3        Slime (5/5) Lair:5
    Orc (2/2) D:9             Elf (3/3) Orc:2        Vaults (5/5) D:14
  Crypt (3/3) Vaults:3       Tomb (0/3) Crypt:3      Depths (5/5) D:15
   Hell (1/1)                 Dis (0/7) Hell            Geh (0/7) Hell
    Coc (0/7) Hell            Tar (0/7) Hell            Zot (5/5) Depths:5

Altars:
Ashenzari
Cheibriados
Dithmenos
Elyvilon
Fedhas
Gozag
Hepliaklqana
Kikubaaqudgha
Makhleb
Nemelex Xobeh
Okawaru
Qazlal
Ru
Sif Muna
Trog
Uskayaw
Vehumet
Wu Jian
Xom
Yredelemnul
Zin
The Shining One
Beogh
Jiyva

Shops:
D:7 %(   D:8 (   D:15 (([:   Orc:2 [?%[   Vaults:1 }   Vaults:4 [   Depths:2 }
Depths:4 **(:

Portals:
Hell: Depths:1 Depths:2 Depths:3 Depths:4 Depths:5
Abyss: Depths:3 Depths:4
Pandemonium: Depths:3

Annotations:
Lair:2 exclusion: 2 oklob plants
Slime:5 Royal Jelly
Elf:2 3 runed doors
Zot:5 !, 1 exclusion


Innate Abilities, Weirdness & Mutations

You reflexively headbutt those who attack you in melee.
You have a pair of horns on your head.
Your system is resistant to poisons. (rPois)
You evolve.


Message History

Confirm with . or Enter, or press ? or * to list all spells.
Okay, then.
Blink to where?
Press: ? - help, Dir - move target cursor
As you read the scroll of blinking, it crumbles to dust.
A tormentor comes into view.
Found a gate leading back out of this place.
Found a stone staircase leading down.
Unknown command.
Blink to where?
Press: ? - help, Dir - move target cursor
As you read the scroll of blinking, it crumbles to dust.
A necrophage, a shadow and a silent spectre come into view.
Found a gate leading back out of this place.
There is an empty arch of ancient stone here.
Okay, then.
You can't heal while in Death's door.
You start resting.
A Tzitzimitl comes into view.
Your magical effects are unravelling.
You feel magically purged.
You feel slightly less contaminated with magical energies.
You feel yourself slow down.
The infernal howling subsides.
You are now empty-handed.
You block the Tzitzimitl's attack. x2
There is an empty arch of ancient stone here.
You pummel the Tzitzimitl!!
You headbutt the Tzitzimitl, but do no damage.
The Tzitzimitl is moderately wounded.
You pummel the Tzitzimitl!! Your headbutt misses the Tzitzimitl.
The Tzitzimitl is severely wounded.
The Tzitzimitl calls on the powers of darkness!
Your body is wracked with pain!
You closely miss the Tzitzimitl. Your headbutt misses the Tzitzimitl.
The Tzitzimitl is severely wounded.
You hit the Tzitzimitl. You headbutt the Tzitzimitl.
The Tzitzimitl is severely wounded.
Your time is quickly running out!
You block the Tzitzimitl's attack. The Tzitzimitl completely misses you.
You hit the Tzitzimitl.
The Tzitzimitl is severely wounded.
You punch the Tzitzimitl! You headbutt the Tzitzimitl!
The Tzitzimitl is almost dead.
The Tzitzimitl gestures at you. The bolt of negative energy misses you.
You pummel the Tzitzimitl!!
You kill the Tzitzimitl!
Vehumet accepts your kill.
You feel your power returning.
There is an empty arch of ancient stone here.
You start resting.
Your life is in your own hands again!
Unknown command.
You feel agile all of a sudden.
You start resting.
You step away from death's doorway.
You start resting.
A black draconian scorcher comes into view.
It is wielding a short sword of venom.
You regained 14 hp, and now have 23/273 hp.
You regained 6 mp, and now have 52/54 mp.
Casting: Death's Door (very dangerous; 36% risk of failure)
Confirm with . or Enter, or press ? or * to list all spells.
Your skin crawls.
The black draconian scorcher roars!
You hear a roar! x2
You regained 2 hp, and now have 25/273 hp.
You now have 49/54 mp.
A black draconian scorcher is nearby!
Unknown command.
A black draconian scorcher is nearby!
Unknown command.
Saving game... please wait.
Vehumet says: Become a small abomination!
Welcome back, Goblin1989 the Minotaur Berserker.
Vehumet says: Let it end in hellfire!
Press ? for a list of commands and other information.
Okay, then.
Press: ? - help, v - describe, . - travel
Here: a black draconian scorcher, wielding a short sword of venom and wearing a cloak The floor.
Unknown command.
Cast which spell? (? or * to list)
Aiming: Fire Storm (safe; 1% risk of failure)
Press: ? - help, Dir - move target cursor A raging storm of fire appears!
The great blast of fire engulfs the black draconian scorcher.
The black draconian scorcher is severely wounded.
You are feeling very hungry.
You hear a roar! x18
The black draconian scorcher is engulfed in blazing flames.
The black draconian scorcher hits your fire vortex but does no damage.
The sphere of damnation explodes!
The damnation engulfs your fire vortex.
Your fire vortex dissipates!
You hear a roar!
You regained 2 hp, and now have 27/273 hp.
You now have 40/54 mp.
You feel better.
The black draconian scorcher is engulfed in blazing flames.
The black draconian scorcher gestures at you while chanting.
The sphere of damnation explodes!
The damnation engulfs you!
You die...

...▓ ....▓
.....▓
......▓
.......▓▓
........▓▓
.........▓▓
........∩@▓
.........▓▓
........▓▓
..§§§v.▓▓
..§§§§▓
..§§§▓
..vv▓ ..q▓


You could see a black draconian scorcher and 3 friendly fire vortices.

Vanquished Creatures
  Cerebov (Pan)
  10 pandemonium lords
  Ignacio (Pan)
  Mnoleg (Pan)
  2 orbs of fire
  Mara (Depths:1)
  27 ancient liches
  6 juggernauts
  Sojobo (Vaults:4)
  3 shard shrikes
  12 caustic shrikes
  Vashnia (Snake:4)
  3 curse toes
  Geryon (Hell)
  26 golden dragons
  9 profane servitors
  3 pearl dragons (Zig:7)
  6 doom hounds
  23 bone dragons
  3 electric golems
  10 Tzitzimimeh
  7 Brimstone Fiends
  5 iron giants (Zig:24)
  7 hellephants
  An Orb Guardian (Zot:5)
  8 Ice Fiends
  21 liches
  21 Hell Sentinels
  28 tentacled monstrosities
  14 deep elf blademasters
  59 acid blobs
  10 titans
  14 deep elf master archers
  47 Executioners
  Asterion (Elf:3)
  12 sphinxes
  89 tentacled starspawn
  Agnes (D:14)
  10 quicksilver dragons
  5 thorn hunters
  4 ancient champions
  7 death cobs
  Donald (Elf:2)
  25 storm dragons
  5 draconian monks
  11 shadow dragons
  6 revenants
  Kirke (Lair:5)
  12 tengu reavers
  30 azure jellies
  83 nagarajas
  14 blood saints
  2 daevas
  7 draconian scorchers
  5 ghost moths
  13 draconian knights
  7 deep elf sorcerers
  13 black suns
  15 fire giants
  16 frost giants
  40 balrugs
  7 caustic shrike zombies
  11 orc warlords
  20 vault wardens
  29 cacodemons
  9 iron dragons
  5 draconian shifters
  5 deep elf elementalists
  6 juggernaut zombies
  17 warmongers
  An emperor scorpion (Zig:10)
  A ghoul (Vaults:2)
  Aizul (Snake:3)
  3 curse skulls
  8 draconian annihilators
  59 reapers
  10 ironheart preservers
  5 spriggan defenders
  3 angels
  4 draconian stormcallers
  3 caustic shrike skeletons
  An ophan (Zig:7)
  6 entropy weavers
  59 stone giants
  4 juggernaut skeletons
  16 war gargoyles
  70 very ugly things
  13 green draconians
  17 deep elf demonologists
  12 vampire knights
  An apis (Zig:7)
  12 white draconians
  Nessos (Lair:5)
  18 black draconians
  6 dire elephants
  12 purple draconians
  17 deep elf annihilators
  16 lorocyprocas
  21 corrupters
  4 bennus (Zig:9)
  8 red draconians
  13 spark wasps
  13 yellow draconians
  4 mummy priests (Zig:9)
  13 eidola
  34 blizzard demons
  24 green deaths
  20 ettins
  10 death oozes
  8 deep elf death magi
  7 merfolk javelineers
  Snorg (Lair:3)
  5 merfolk impalers
  3 crystal guardians (Crypt:3)
  18 fire dragons
  24 great orbs of eyes
  19 deep elf high priests
  3 jiangshi
  123 slime creatures
  13 rakshasas
  12 ogre magi
  4 quicksilver dragon zombies
  32 yaktaur captains
  A kraken zombie (Hell)
  2 quicksilver dragon skeletons
  30 hydras
  8 hell beasts
  A ghost crab (Swamp:2)
  A juggernaut simulacrum (Zig:7)
  29 vault guards
  9 centaur warriors
  8 spriggan air magi
  35 naga warriors
  11 catoblepae
  8 death knights
  2 merfolk avatars
  19 anacondas
  14 ice dragons
  9 monstrous demonspawn
  8 satyrs (Zig:17)
  19 alligators
  An anaconda (shapeshifter) (Depths:2)
  65 dancing weapons
  A death scarab (Zig:9)
  4 merfolk aquamancers
  44 two-headed ogres
  7 tengu warriors
  31 hell hogs
  15 vampire magi
  7 deep troll earth magi
  10 titan zombies
  63 thrashing horrors
  A shock serpent (shapeshifter) (Zig:21)
  15 orc high priests
  43 naga sharpshooters
  6 spriggan berserkers
  4 deep troll shamans
  18 hell knights
  39 soul eaters
  20 shock serpents
  30 spriggans
  2 iron golems (Depths:5)
  5 storm dragon zombies
  55 sun demons
  Urug (D:13)
  42 deep elf knights
  20 shadow wraiths
  2 fire crabs (Abyss:4)
  62 wretched stars
  46 skeletal warriors
  4 titan skeletons
  30 sixfirhies
  5 spriggan druids
  A quicksilver dragon simulacrum (Abyss:2)
  2 anaconda zombies
  A death drake (shapeshifter) (Zig:21)
  4 iron trolls
  9 salamander mystics
  24 spatial maelstroms
  A ghost moth zombie (Crypt:2)
  2 storm dragon skeletons
  A sea snake (shapeshifter) (Zig:26)
  2 cherubim (Zig:7)
  11 glowing orange brains
  9 unseen horrors
  322 starcursed masses
  10 gelid demonspawn (Pan)
  5 golden dragon zombies
  2 sea snakes (Zig:10)
  2 deep trolls (shapeshifter)
  14 naga ritualists
  6 death drakes
  27 deep trolls
  7 infernal demonspawn
  5 torturous demonspawn (Pan)
  17 swamp dragons
  An unseen horror (shapeshifter) (Zig:18)
  12 flayed ghosts
  Pikel (D:8)
  7 harpies
  19 phantasmal warriors
  12 wizards
  6 shambling mangroves
  2 anaconda skeletons
  3 lindwurms (Swamp:4)
  An orb spider (shapeshifter) (Zig:26)
  28 deep elf archers
  4 wolf spider zombies
  18 necromancers
  6 shadow dragon zombies
  32 shadow demons
  11 tengu zombies
  An orange crystal statue (Zig:3)
  6 golden dragon skeletons
  A harpy (shapeshifter) (Vaults:1)
  24 ironbrand convokers
  3 stone giant zombies
  7 sphinx zombies
  An iron dragon zombie (Zig:24)
  18 mana vipers
  3 sphinx skeletons
  42 ugly things
  6 fire giant zombies
  2 shadow dragon skeletons
  4 orb spiders
  10 orc knights
  30 moths of wrath
  124 deep elf magi
  14 orc sorcerers
  28 cyclopes
  17 shining eyes
  5 tengu skeletons
  9 wolf spiders
  7 fauns (Zig:17)
  Maurice (D:13)
  3 iron dragon skeletons
  6 oklob plants (Zig:12)
  4 manticores
  3 fire giant skeletons
  A frost giant zombie (Crypt:2)
  2 salamanders (shapeshifter)
  A mana viper (shapeshifter) (Vaults:5)
  25 worldbinders
  A faun (shapeshifter) (Zig:21)
  18 salamanders
  2 moths of wrath (shapeshifter)
  28 rust devils
  2 elephants (shapeshifter)
  22 guardian serpents
  6 spriggan zombies
  5 toenail golems (Volcano)
  5 stone giant skeletons
  6 water nymphs (Zig:10)
  A guardian serpent (shapeshifter) (Zig:22)
  10 elephants
  46 naga magi
  A centaur zombie (D:15)
  2 merfolk sirens (Zig:10)
  19 eyes of devastation
  19 apocalypse crabs
  113 smoke demons
  21 vault sentinels
  2 black mambas (shapeshifter)
  70 black mambas
  Psyche (D:8)
  A torpor snail (shapeshifter) (Zig:21)
  2 molten gargoyles
  2 ice statues
  3 spriggan skeletons
  A minotaur zombie (Crypt:1)
  A gargoyle (D:11)
  A frost giant skeleton (Abyss:1)
  A titan simulacrum (Abyss:1)
  24 spiny frogs
  21 efreet
  30 orange demons
  A dire elephant skeleton (Hell)
  A human zombie (Vaults:5)
  A catoblepas zombie (Crypt:2)
  34 hellions
  2 torpor snails
  30 demonic crawlers
  A kobold demonologist (Abyss:2)
  2 yaktaurs (shapeshifter)
  50 ancient zymes
  9 rime drakes
  11 komodo dragons
  35 freezing wraiths
  78 yaktaurs
  A spark wasp simulacrum (Depths:3)
  An entropy weaver simulacrum (Vaults:1)
  2 tengu conjurers (Depths:1)
  A harpy zombie (Crypt:3)
  35 ice devils
  35 red devils
  6 hydra zombies (Hell)
  40 tormentors
  3 meliai (D:15)
  3 queen bees (shapeshifter)
  4 silent spectres
  2 guardian mummies (Zig:9)
  2 jumping spiders (shapeshifter)
  30 polar bears
  3 wind drakes
  32 merfolk
  3 jumping spiders
  30 hellwings
  38 hornets
  3 harpy skeletons
  16 tyrant leeches
  A wind drake (shapeshifter) (Depths:4)
  A shadow dragon simulacrum (Vaults:5)
  16 trolls
  A hydra skeleton (Hell)
  2 snapping turtles
  A blink frog (shapeshifter) (Abyss:3)
  An iron dragon simulacrum (Abyss:1)
  51 blink frogs
  An alligator zombie (Hell)
  9 hippogriffs
  13 dream sheep
  A fire giant simulacrum (Abyss:5)
  9 bog bodies
  128 raiju
  A sphinx simulacrum (Zig:7)
  A fire dragon zombie (Crypt:3)
  54 flying skulls
  A hippogriff (shapeshifter) (Hell)
  219 large abominations
  3 fire dragon skeletons
  3 vampires
  2 shock serpent simulacra
  32 shadows
  3 tarantellas
  8 redbacks
  19 air elementals
  A satyr skeleton (Crypt:1)
  26 wraiths
  4 wyverns
  71 ynoxinuls
  2 redbacks (shapeshifter) (Depths:4)
  An ushabti (Zig:9)
  3 ettin skeletons (Abyss:3)
  24 water elementals
  41 yaks
  12 fire elementals
  A steam dragon (D:9)
  11 golden eyes
  50 chaos spawn
  A hog (shapeshifter) (Vaults:4)
  5 basilisks
  2 golden eyes (shapeshifter)
  2 basilisks (shapeshifter)
  4 hungry ghosts
  23 fire bats
  A black mamba skeleton (Pan)
  5 elf skeletons
  63 neqoxecs
  2 humans (shapeshifter)
  20 vampire mosquitoes
  20 insubstantial wisps
  21 spatial vortices
  A naga (shapeshifter) (Vaults:1)
  79 nagas
  18 wargs
  13 swamp worms
  A soldier ant (shapeshifter) (Abyss:3)
  20 hell hounds
  A gelid demonspawn skeleton (Crypt:2)
  14 water moccasins
  A merfolk skeleton (Pan)
  3 soldier ants
  12 floating eyes
  6 porcupines
  Duvessa (D:4)
  Purgy (Sewer)
  55 orc warriors
  8 ice beasts
  A snapping turtle zombie (Crypt:3)
  A slave (D:8)
  15 swamp drakes
  A black bear (shapeshifter) (Depths:4)
  A hornet zombie (D:13)
  2 ettin simulacra
  2 spiny frog skeletons
  18 eyes of draining
  6 sky beasts
  12 black bears
  16 elf zombies
  An ice dragon simulacrum (Abyss:1)
  A swamp dragon zombie (Crypt:2)
  18 centaurs
  54 ogres
  17 necrophages
  4 phantoms
  66 wolves
  21 boggarts
  13 crocodiles
  A manticore skeleton (Pan)
  A swamp dragon skeleton (Pan)
  2 snapping turtle skeletons
  A big kobold (shapeshifter) (D:15)
  A hog skeleton (Crypt:1)
  A big kobold (D:12)
  8 bullfrogs
  13 human skeletons
  19 earth elementals
  2 spiny frog simulacra (Abyss:2)
  A wyvern skeleton (D:9)
  Dowan (D:4)
  A scorpion (D:10)
  2 water moccasin skeletons
  A polar bear skeleton (Crypt:1)
  A raiju zombie (Crypt:1)
  4 killer bees (D:9)
  25 wights
  An electric eel (Lair:4)
  2 howler monkeys
  10 crimson imps
  2 bullfrog zombies
  5 human simulacra
  11 quasits
  A bullfrog skeleton (D:5)
  6 hounds
  44 orc wizards
  17 orc priests
  71 jellies
  28 iron imps
  Ijyb (D:4)
  An iguana (D:9)
  A basilisk skeleton (Crypt:2)
  A lightning spire (Zig:17)
  10 worker ants
  A naga zombie (Crypt:3)
  A hound zombie (D:10)
  122 small abominations
  12 mummies
  Robin (D:3)
  3 worker ant zombies
  A gnoll (Zig:17)
  A scorpion zombie (Crypt:2)
  14 adders
  19 shadow imps
  16 white imps
  15 ufetubi
  An adder skeleton (D:5)
  2 worms (D:14)
  A dart slug (D:1)
  4 leopard geckos
  130 orcs
  3 ball pythons
  5 bats
  A bat zombie (Crypt:2)
  3 giant cockroaches
  15 goblins
  5 hobgoblins
  13 jackals
  2 quokkas
  A frilled lizard (Sewer)
  16 kobolds
  A kobold zombie (Crypt:1)
  2 leopard gecko skeletons
  An orc zombie (Abyss:3)
  A quokka skeleton (D:7)
  7 rats
  3 briar patches
  A bush (Abyss:3)
  3 butterflies (Lair:4)
  A fire vortex (Pan)
  5 lost souls (Zig:27)
  5 lurking horrors
  5 plants (Zig:12)
  60 starspawn tentacles
  2 tentacles (Hell)
7053 creatures vanquished.

Vanquished Creatures (collateral kills)
  Bai Suzhen (Swamp:3)
  Nikola (Snake:4)
  A Tzitzimitl (Zig:25)
  2 Brimstone Fiends (Zig:25)
  A lich (Depths:2)
  3 Ice Fiends
  A Cloud Mage (WizLab)
  An ancient champion (Zig:9)
  2 Executioners (Zig:25)
  2 nagarajas
  2 cacodemons (Zig:25)
  2 balrugs
  A curse skull (Crypt:1)
  A caustic shrike skeleton (Zig:25)
  A stone giant (Depths:2)
  2 corrupters
  A blood saint (Zig:25)
  A green death (Zig:25)
  A great orb of eyes (Zig:22)
  7 naga warriors (Snake:4)
  A rakshasa (Depths:2)
  4 vault guards (D:14)
  A ghost crab (WizLab)
  A catoblepas (Zig:16)
  An ogre mage (D:14)
  A titan zombie (Zig:25)
  A thrashing horror (Zig:12)
  Sonja (D:13)
  An unseen horror (D:14)
  A naga ritualist (Snake:4)
  A tengu zombie (Zig:24)
  A tengu skeleton (Zig:12)
  An orc knight (D:14)
  An orc sorcerer (D:14)
  A fire giant zombie (Zig:5)
  A deep elf mage (D:14)
  2 naga magi (Snake:4)
  An orange demon (Zig:25)
  A guardian serpent (Snake:4)
  A smoke demon (Zig:25)
  A centaur skeleton (D:14)
  A freezing wraith (D:14)
  A tormentor (Zig:25)
  A hellwing (Zig:23)
  A hippogriff (D:14)
  4 slime creatures
  An elf zombie (Zig:24)
  3 yaks (D:13)
  A chaos spawn (Zig:23)
  A golden eye (Zig:11)
  5 nagas
  An orc warrior (D:14)
  A boggart (Lair:6)
  2 wolves (Lair:6)
  A bullfrog (D:14)
  A crimson imp (D:14)
  3 orcs (D:14)
  A starspawn tentacle (Zig:12)
88 creatures vanquished.

Vanquished Creatures (others)
  A pandemonium lord (Pan)
  An acid blob (Slime:5)
  A tentacled starspawn (Abyss:1)
  3 eldritch tentacles (Pan)
  2 balrugs (Pan)
  A blood saint (Zig:25)
  A very ugly thing (Vaults:5)
  4 great orbs of eyes
  A lorocyproca (Pan)
  A blizzard demon (Pan)
  A deep elf high priest (Zig:14)
  2 rakshasas (Pan)
  An ice dragon (shapeshifter) (Vaults:5)
  A hell hog (Abyss:2)
  2 sun demons (Pan)
  2 sixfirhies (Abyss:3)
  3 large abominations
  A salamander mystic (Zig:19)
  8 glowing orange brains
  2 wizards (Pan)
  2 moths of wrath
  A faun (shapeshifter) (Vaults:5)
  6 smoke demons
  A black mamba (Zig:14)
  2 orange demons
  A torpor snail (shapeshifter) (Vaults:5)
  A komodo dragon (Swamp:3)
  A demonic crawler (Zig:12)
  A yaktaur (Vaults:5)
  A red devil (Pan)
  A slime creature (Abyss:1)
  A hellwing (Pan)
  A blink frog (Abyss:4)
  A raiju (Abyss:5)
  A fire elemental (Depths:5)
  3 ynoxinuls (Pan)
  A hungry ghost (Abyss:2)
  6 golden eyes
  2 nagas (Snake:4)
  A floating eye (shapeshifter) (Vaults:5)
  A floating eye (Abyss:3)
  An eye of draining (Abyss:5)
  A boggart (Depths:2)
  9 small abominations
  A wight (Abyss:4)
  A starcursed mass (Abyss:1)
  3 quasits
  390 jellies
  An ufetubus (Abyss:1)
  11 bushes (Abyss:3)
  12 demonic plants (Abyss:3)
  407 fire vortices
  8 fungi
  3 lost souls (Zig:27)
  8 lurking horrors
  41 plants
  155 starspawn tentacles
  4 tentacles (Hell)
1131 creatures vanquished.

Grand Total: 8272 creatures vanquished

Notes
Turn   | Place    | Note
-------+----------+-------------------------------------------
     0 | D:1      | Goblin1989 the Minotaur Berserker began the quest for the Orb.
     0 | D:1      | Reached XP level 1. HP: 19/19 MP: 0/0
   347 | D:1      | Reached XP level 2. HP: 22/27 MP: 1/1
  1023 | D:2      | Found a shattered altar of Ashenzari.
  1091 | D:2      | Reached XP level 3. HP: 33/33 MP: 2/2
  1200 | D:2      | Reached ** piety under Trog
  1665 | D:3      | Reached XP level 4. HP: 19/40 MP: 3/3
  1860 | D:3      | Noticed Robin
  1870 | D:3      | Reached skill level 1 in Shields
  1893 | D:3      | Killed Robin
  2653 | D:4      | Noticed Ijyb
  2664 | D:4      | Killed Ijyb
  2664 | D:4      | Reached XP level 5. HP: 47/47 MP: 4/4
  2716 | D:4      | Reached skill level 5 in Unarmed Combat
  2808 | D:4      | Noticed Duvessa
  2808 | D:4      | Noticed Dowan
  2822 | D:4      | Killed Dowan
  2831 | D:4      | Killed Duvessa
  2831 | D:4      | Reached skill level 5 in Fighting
  2831 | D:4      | Reached XP level 6. HP: 53/56 MP: 5/5
  3707 | D:4      | Found a radiant altar of Vehumet.
  3746 | D:5      | Entered Level 5 of the Dungeon
  3818 | D:5      | Reached XP level 7. HP: 55/61 MP: 6/6
  3856 | D:5      | Found a glowing drain.
  3868 | Sewer    | Entered a sewer
  4136 | Sewer    | Noticed Purgy
  4139 | Sewer    | Killed Purgy
  4139 | Sewer    | Reached skill level 5 in Armour
  4249 | D:5      | Reached *** piety under Trog
  4880 | D:6      | Reached XP level 8. HP: 70/70 MP: 7/7
  5096 | D:6      | Found a staircase to the Ecumenical Temple.
  5389 | D:7      | Found Acif's Food Shop.
  5389 | D:7      | Found Uxulauss's Weapon Shop.
  5971 | D:7      | Got a steaming scale mail
  5979 | D:7      | Found Rocuf's Distillery.
  5987 | D:7      | Bought a potion of curing for 36 gold pieces
  5987 | D:7      | Bought a potion of agility for 48 gold pieces
  5987 | D:7      | Bought a potion of heal wounds for 60 gold pieces
  5987 | D:7      | Bought a potion of haste for 120 gold pieces
  5987 | D:7      | Bought a potion of flight for 36 gold pieces
  6080 | D:7      | Reached skill level 5 in Shields
  6340 | D:7      | Received a gift from Trog
  6471 | D:7      | Reached **** piety under Trog
  6527 | D:7      | Identified the +9 scale mail of the Postmodern Spirits {rPois rF- Str+3} (You found it on level 7 of the Dungeon)
  6591 | D:8      | Noticed a two-headed ogre
  6597 | D:8      | Killed a two-headed ogre
  6597 | D:8      | Reached XP level 9. HP: 79/79 MP: 8/8
  6629 | D:8      | Noticed Psyche
  6636 | D:8      | Killed Psyche
  6708 | D:8      | Noticed Pikel
  6722 | D:8      | Killed Pikel
  6722 | D:8      | Reached skill level 5 in Dodging
  6855 | D:8      | Paralysed by a hornet for 1 turns
  6861 | D:8      | Paralysed by a hornet for 1 turns
  6864 | D:8      | Reached skill level 10 in Unarmed Combat
  7175 | D:8      | Found a shimmering altar of Xom.
  7218 | D:8      | Found Qoth's Antique Weapon Shop.
  7519 | D:9      | Noticed a two-headed ogre
  7529 | D:9      | Killed a two-headed ogre
  7529 | D:9      | Reached XP level 10. HP: 89/90 MP: 9/9
  7831 | D:9      | Noticed a two-headed ogre
  7855 | D:9      | Killed a two-headed ogre
  8349 | D:9      | Found a staircase to the Orcish Mines.
  9258 | D:10     | Entered Level 10 of the Dungeon
  9887 | D:10     | Reached XP level 11. HP: 94/97 MP: 10/10
 10251 | D:11     | Noticed an eight-headed hydra
 10341 | D:11     | Found a snail-covered altar of Cheibriados.
 10628 | D:11     | Found a staircase to the Lair.
 10641 | D:11     | Noticed a two-headed ogre
 10648 | Lair:1   | Entered Level 1 of the Lair of Beasts
 10687 | Lair:1   | Found a dark tunnel.
 10705 | Volcano  | Entered a volcano
 10708 | Volcano  | Noticed a wizard
 10720 | Volcano  | Killed a wizard
 10736 | Volcano  | Noticed a wizard
 10745 | Volcano  | Killed a wizard
 10758 | Volcano  | Noticed a wizard
 10768 | Volcano  | Killed a wizard
 10810 | Volcano  | Noticed a mace of flaming
 10826 | Volcano  | Reached skill level 10 in Fighting
 10841 | Volcano  | Killed a mace of flaming
 10917 | Volcano  | Noticed a wizard
 10917 | Volcano  | Noticed a wizard
 10930 | Volcano  | Killed a wizard
 10938 | Volcano  | Killed a wizard
 10967 | Lair:1   | Noticed a four-headed hydra
 11068 | Lair:1   | Found a frozen archway.
 11077 | IceCv    | Entered an ice cave
 11098 | IceCv    | Reached skill level 10 in Armour
 11228 | IceCv    | Reached XP level 12. HP: 85/107 MP: 11/11
 12146 | IceCv    | Noticed a frost giant
 12171 | IceCv    | Killed a frost giant
 12171 | IceCv    | Reached ***** piety under Trog
 12342 | IceCv    | Reached skill level 10 in Shields
 12869 | Lair:1   | Killed a four-headed hydra
 13671 | Lair:1   | Found a glowing silver altar of Zin.
 14547 | Lair:2   | Found a staircase to the Swamp.
 15278 | Lair:3   | Noticed Snorg
 15291 | Lair:3   | Killed Snorg
 15294 | Lair:3   | Reached XP level 13. HP: 116/116 MP: 12/12
 15697 | Lair:3   | Found a staircase to the Snake Pit.
 15931 | Lair:3   | Reached skill level 10 in Dodging
 15939 | Lair:3   | Got a wavering pewter amulet
 15943 | Lair:3   | Identified the amulet "Diduor" {Inacc rN++ MR-} (You found it on level 3 of the Lair of Beasts)
 17089 | Lair:4   | Reached skill level 15 in Unarmed Combat
 17313 | Lair:4   | Received a gift from Trog
 18850 | Lair:5   | Noticed Kirke
 18858 | Lair:5   | Killed Kirke
 18928 | Lair:5   | Noticed Nessos
 18954 | Lair:5   | Killed Nessos
 18954 | Lair:5   | Reached XP level 14. HP: 59/127 MP: 13/13
 19117 | Lair:5   | Found a viscous altar of Jiyva.
 19118 | Lair:5   | Found a staircase to the Slime Pits.
 19683 | Lair:6   | Entered Level 6 of the Lair of Beasts
 20438 | Lair:6   | Received a gift from Trog
 21883 | D:11     | Identified the Papyrus of the Flying Compass
 22045 | D:11     | Received a gift from Trog
 22411 | Orc:1    | Entered Level 1 of the Orcish Mines
 22536 | Orc:2    | Entered Level 2 of the Orcish Mines
 22963 | Orc:2    | Found Osmarhee's Magic Scroll Boutique.
 23320 | Orc:2    | Received a gift from Trog
 23457 | Orc:2    | Found a roughly hewn altar of Beogh.
 23500 | Orc:2    | Found Hytas's Antique Armour Emporium.
 23500 | Orc:2    | Found Baisk's Magic Scroll Shop.
 23569 | Orc:2    | Found a staircase to the Elven Halls.
 23680 | Orc:2    | Found Bigrua Ugue's Armour Shop.
 23688 | Orc:2    | Reached ****** piety under Trog
 23710 | Orc:2    | Found Acyos's Food Emporium.
 23998 | Orc:1    | Received a gift from Trog
 24043 | Orc:1    | Found a roughly hewn altar of Beogh.
 24309 | Orc:2    | Bought the +12 fire dragon scales of Wisdom {rElec rF++ rC- rCorr Dex-3} for 1466 gold pieces
 25666 | D:13     | Reached XP level 15. HP: 137/137 MP: 14/14
 25895 | D:13     | Noticed Maurice
 25912 | D:13     | Killed Maurice
 25912 | D:13     | Received a gift from Trog
 25922 | D:13     | Noticed Sonja
 25938 | D:13     | Killed Sonja
 26345 | D:13     | Noticed Urug
 26356 | D:13     | Killed Urug
 26789 | D:14     | Found a sacrificial altar of Ru.
 26893 | D:14     | Got a steaming hand axe {flame}
 26894 | D:14     | Identified the +5 hand axe "Fish" {flame, rPois Int+4} (You took it off an orc on level 14 of the Dungeon)
 26985 | D:14     | Noticed Agnes
 27007 | D:14     | Killed Agnes
 27106 | D:14     | Got a smoking lajatang {pain}
 27107 | D:14     | Identified the +8 lajatang of Earthquakes {pain, -Tele rN+ Str+2} (You took it off a deep elf mage on level 14 of the Dungeon)
 27150 | D:14     | Received a gift from Trog
 27247 | D:14     | Found a gate to the Vaults.
 27759 | D:14     | Received a gift from Trog
 28189 | D:15     | Entered Level 15 of the Dungeon
 28408 | D:15     | Found Vuluddeana's Book Shoppe.
 29124 | D:15     | Found Noinaja's Antique Weapon Shop.
 29291 | D:15     | Found Pumiep's Antique Armour Shoppe.
 29299 | D:15     | Bought a pair of spiked boots for 275 gold pieces
 29312 | D:15     | Identified the cursed -2 pair of boots of Fashionability {rF+ Str-2 Dex+3} (You bought it in a shop on level 15 of the Dungeon)
 29319 | D:15     | Found a staircase to the Depths.
 29506 | D:15     | Found Cozxadgh's General Store.
 29526 | D:15     | Found Astrerphui's Antique Weapon Boutique.
 29907 | Swamp:1  | Entered Level 1 of the Swamp
 31079 | Swamp:2  | Upgraded the game from 0.22-a0-422-g9628fc8 to 0.22-a0-423-g4197694
 31212 | Swamp:2  | Reached XP level 16. HP: 104/147 MP: 15/15
 31223 | Swamp:2  | Received a gift from Trog
 32694 | Swamp:3  | Paralysed by a hornet for 2 turns
 32701 | Swamp:3  | Reached skill level 15 in Fighting
 33257 | Swamp:3  | Received a gift from Trog
 33284 | Swamp:3  | Noticed Bai Suzhen
 33301 | Swamp:3  | Killed Bai Suzhen
 33325 | Swamp:3  | Noticed a thorn hunter
 33340 | Swamp:3  | Killed a thorn hunter
 33810 | Swamp:4  | Entered Level 4 of the Swamp
 33919 | Swamp:3  | Upgraded the game from 0.22-a0-439-gac93bac to 0.22-a0-441-gcf5b0c6
 33919 | Swamp:3  | Goblin1989: ай, в жопу этих ботов пока
 33919 | Swamp:3  | ReniFell: Короче надо зайти в игру к челику с ботом и подписаться
 33956 | Swamp:3  | Goblin1989: len'
 35158 | Swamp:4  | Reached XP level 17. HP: 151/151 MP: 16/16
 35247 | Swamp:4  | Reached skill level 15 in Shields
 35288 | Swamp:4  | Got a decaying rune of Zot
 35539 | Swamp:4  | Received a gift from Trog
 35879 | Orc:2    | Bought a dazzling plate armour for 868 gold pieces
 35889 | Orc:2    | Identified the +9 plate armour "Qiss" {rCorr Slay+4} (You bought it in a shop on level 2 of the Orcish Mines)
 36258 | Snake:1  | Entered Level 1 of the Snake Pit
 36482 | Snake:1  | Reached XP level 18. HP: 161/161 MP: 17/17
 37691 | Snake:2  | Received a gift from Trog
 38961 | Snake:3  | Received a gift from Trog
 40065 | Snake:3  | Noticed Aizul
 40074 | Snake:3  | Reached skill level 15 in Armour
 40083 | Snake:3  | Killed Aizul
 40798 | Snake:4  | Entered Level 4 of the Snake Pit
 41093 | Snake:4  | Noticed Vashnia
 41141 | Snake:4  | Killed Vashnia
 41348 | Snake:4  | Received a gift from Trog
 41672 | Snake:4  | Noticed Nikola
 41683 | Snake:4  | Killed Nikola
 41967 | Snake:4  | Received a gift from Trog
 42230 | Snake:4  | Reached XP level 19. HP: 118/169 MP: 18/18
 42598 | Snake:4  | Reached skill level 15 in Dodging
 42656 | Snake:4  | Received a gift from Trog
 43739 | Snake:4  | Got a smoking glaive {god gift}
 43970 | Snake:4  | Got a serpentine rune of Zot
 44324 | Vaults:1 | Entered Level 1 of the Vaults
 45335 | Vaults:1 | Received a gift from Trog
 46023 | Vaults:1 | Found Ziavi Lyku's Gadget Shoppe.
 47309 | Vaults:1 | Received a gift from Trog
 47849 | Vaults:2 | Identified a scroll of acquirement
 47853 | Vaults:2 | Got a coiled steel ring
 47855 | Vaults:2 | Identified the ring "Dyconoqo" {rN+ Str+3 Int+3 Slay+4} (You acquired it on level 2 of the Vaults)
 47932 | Vaults:2 | Reached XP level 20. HP: 133/187 MP: 19/19
 48944 | Vaults:2 | Received a gift from Trog
 51290 | Vaults:3 | Received a gift from Trog
 52086 | Vaults:3 | Paralysed by a wizard for 3 turns
 52440 | Vaults:3 | Found a staircase to the Crypt.
 52639 | Vaults:3 | Received a gift from Trog
 53061 | Vaults:3 | Got an uncursed steaming arbalest {elec}
 53556 | Vaults:4 | Reached XP level 21. HP: 188/195 MP: 20/20
 53836 | Vaults:4 | Got a crude amber ring
 53882 | Vaults:4 | Found Zucuuz's Antique Armour Emporium.
 53888 | Vaults:4 | Received a gift from Trog
 54018 | Vaults:4 | Bought an embroidered cloak for 300 gold pieces
 54018 | Vaults:4 | Bought a pair of runed gloves for 300 gold pieces
 54051 | Vaults:4 | Identified the ring of the Castellan {rPois rC+ Dex+2 Slay+3} (You found it on level 4 of the Vaults)
 54299 | Vaults:4 | Found a stormy altar of Qazlal.
 54713 | Vaults:4 | Noticed Sojobo
 54730 | Vaults:4 | Killed Sojobo
 55123 | Vaults:5 | Entered Level 5 of the Vaults
 55204 | Crypt:1  | Entered Level 1 of the Crypt
 55271 | Crypt:1  | Received a gift from Trog
 55824 | Crypt:1  | Paralysed by something for 6 turns
 56436 | Crypt:2  | Got a twisted robe
 57238 | Crypt:2  | Received a gift from Trog
 57869 | Crypt:3  | Entered Level 3 of the Crypt
 57960 | Crypt:3  | Received a gift from Trog
 58212 | Crypt:3  | Found a staircase to the Tomb.
 58277 | Crypt:3  | Reached XP level 22. HP: 181/206 MP: 21/21
 58513 | Crypt:3  | Found an ancient bone altar of Kikubaaqudgha.
 58697 | Crypt:3  | Noticed an ancient lich
 58720 | Crypt:3  | Killed an ancient lich
 59117 | Crypt:3  | Identified the Almanac of Evil Rituals
 59233 | Crypt:3  | Received a gift from Trog
 60035 | Depths:1 | Entered Level 1 of the Depths
 60084 | Depths:1 | Noticed Mara
 60104 | Depths:1 | Noticed Goblin1989's illusion
 60119 | Depths:1 | Found a flickering gateway to a bazaar.
 60126 | Bazaar   | Entered a bazaar
 60126 | Bazaar   | Found Anlutite's Antique Weapon Shoppe.
 60126 | Bazaar   | Found Cyshrei's Weapon Emporium.
 60285 | Bazaar   | Found Vetigoe's Armour Shoppe.
 60299 | Bazaar   | Found Ekkixet's General Store.
 60319 | Depths:1 | Reached skill level 1 in Evocations
 60734 | Depths:1 | Found a gateway to Hell.
 60743 | Depths:1 | Received a gift from Trog
 60819 | Depths:1 | Killed Mara
 61598 | Depths:2 | Found a magical portal.
 61611 | WizLab   | Entered The Chambers of the Cloud Mage
 62053 | WizLab   | Received a gift from Trog
 62093 | WizLab   | Got an ichor-stained spear {flame}
 62093 | WizLab   | Got an ancient silver ring
 62600 | WizLab   | Identified the ring "Burojux" {rF+ rC+ EV+2 Int+2 Dex-2} (You took it off a spriggan air mage in a wizard's laboratory)
 62620 | WizLab   | Identified the +1 pair of boots of Pihegir {*Contam rCorr Stlth+} (You found it in a wizard's laboratory)
 62634 | WizLab   | Identified Qigote's Compendium of Feathers
 63880 | Depths:2 | Reached XP level 23. HP: 48/215 MP: 25/25
 64845 | Depths:2 | Found a gateway to a ziggurat.
 64889 | Depths:2 | Found Ywenyton's Gadget Emporium.
 65224 | Depths:2 | Got distressingly furry ice dragon scales
 65311 | Depths:2 | Reached skill level 5 in Evocations
 65335 | Depths:2 | Received a gift from Trog
 65599 | Depths:2 | Found a stormy altar of Qazlal.
 66137 | Depths:2 | Identified the +8 ice dragon scales "Huvur" {rF- rC++ Int+3 Dex-3 Stlth+} (You took it off a spriggan defender on level 2 of the Depths)
 66898 | Depths:3 | Paralysed by a great orb of eyes for 2 turns
 67659 | Depths:3 | Found a one-way gate leading to the halls of Pandemonium.
 68145 | Depths:3 | Found a one-way gate to the infinite horrors of the Abyss.
 68229 | Depths:3 | Received a gift from Trog
 68680 | Depths:4 | Found a shattered altar of Ashenzari.
 69285 | Depths:4 | Reached XP level 24. HP: 222/226 MP: 27/27
 69374 | Depths:4 | Found a bloodstained altar of Trog.
 69377 | Depths:4 | Received a gift from Trog
 69689 | Depths:4 | Found a sparkling altar of Nemelex Xobeh.
 70722 | Depths:4 | Found a shimmering altar of Xom.
 70797 | Depths:4 | Got a twisted scythe {flame}
 71154 | Depths:4 | Found Tunkigal's Weapon Emporium.
 71175 | Depths:4 | Received a gift from Trog
 71176 | Depths:4 | Found Sokuceup's General Store.
 71353 | Depths:4 | Found Zakaoru's Book Boutique.
 71359 | Depths:4 | Found Quuhuega's Assorted Antiques.
 71384 | Depths:4 | Identified the cursed +1 leather armour of Hedonism {rElec rPois rF++ Dex-2} (You found it on level 4 of the Depths)
 72298 | Depths:5 | Entered Level 5 of the Depths
 73191 | Depths:5 | Received a gift from Trog
 73561 | Depths:5 | Found a gate to the Realm of Zot.
 73563 | Depths:5 | Reached XP level 25. HP: 236/236 MP: 28/28
 74318 | Elf:1    | Entered Level 1 of the Elven Halls
 74804 | Elf:1    | Received a gift from Trog
 75220 | Elf:1    | Received a gift from Trog
 75666 | Elf:2    | Noticed Donald
 75678 | Elf:2    | Killed Donald
 75733 | Elf:2    | Found a runed gate.
 75733 | Elf:2    | Found a runed gate.
 75733 | Elf:2    | Found a runed gate.
 75758 | Elf:2    | Received a gift from Trog
 75971 | Elf:2    | Got an ancient mace
 77027 | Elf:3    | Entered Level 3 of the Elven Halls
 77539 | Elf:3    | Received a gift from Trog
 77568 | Elf:3    | Cast into level 3 of the Abyss (a deep elf demonologist)
 77646 | Abyss:3  | Gained mutation: Your spells are a little easier to cast, but a little less powerful. [a neqoxec]
 77674 | Abyss:3  | Got an ichor-stained chain mail
 77729 | Abyss:3  | Reached skill level 27 in Unarmed Combat
 77773 | Abyss:3  | Found a corrupted altar of Lugonu.
 77778 | Abyss:3  | Received a gift from Trog
 77780 | Elf:3    | Escaped the Abyss
 77851 | Elf:3    | Noticed Asterion
 77867 | Elf:3    | Killed Asterion
 77894 | Elf:3    | Reached skill level 10 in Evocations
 78213 | Elf:3    | Got a faintly glowing wooden ring
 78273 | Elf:3    | Identified the +3 chain mail of Leptadiz {rElec rC++ Dex+3} (You found it on level 3 of the Abyss)
 78275 | Elf:3    | Identified the ring of Ytocam {rC+ Str+4 SInv Stlth+} (You took it off a deep elf demonologist on level 3 of the Elven Halls)
 78280 | Elf:3    | Got a sheer robe
 78280 | Elf:3    | Got an ancient golden ring
 78299 | Elf:3    | Identified the ring "Dolougut" {*Slow Str+3 Int+3 Dex+3} (You took it off a deep elf death mage on level 3 of the Elven Halls)
 84417 | Lair:5   | Fell from the grace of Trog
 84417 | Lair:5   | Became a worshipper of Jiyva Juom the Shapeless
 84420 | Lair:5   | Reached * piety under Jiyva
 84448 | Lair:5   | Reached ** piety under Jiyva
 84452 | Lair:5   | Reached *** piety under Jiyva
 84452 | Lair:5   | Gained mutation: Your rubbery body absorbs attacks. (AC +1, EV +1) [Jiyva's grace]
 84453 | Lair:5   | Reached **** piety under Jiyva
 84463 | Lair:5   | Gained mutation: You have supernaturally acute eyesight. (SInv) [Jiyva's grace]
 84470 | Lair:5   | Reached ***** piety under Jiyva
 84470 | Lair:5   | Gained mutation: You have a small jelly attached to you that may absorb incoming projectiles. [Jiyva's grace]
 84513 | Lair:5   | Lost mutation: You have supernaturally acute eyesight. (SInv) [Jiyva's grace]
 85682 | Lair:3   | Lost mutation: Your spells are a little easier to cast, but a little less powerful. [Jiyva's grace]
 86866 | D:11     | Reached ****** piety under Jiyva
 86866 | D:11     | Gained mutation: You have a pair of large horns on your head. [Jiyva's grace]
 86994 | Slime:1  | Entered Level 1 of the Pits of Slime
 87056 | Slime:5  | Entered Level 5 of the Pits of Slime
 87071 | Slime:5  | Found a viscous altar of Jiyva.
 87071 | Slime:5  | Noticed the Royal Jelly
 87074 | Slime:5  | Found the +15 Maxwell's patent armour {-Cast -Tele rElec MR+ rCorr}
 87074 | Slime:5  | Lost mutation: You have a pair of large horns on your head. [Jiyva's grace]
 87076 | Slime:5  | Gained mutation: Your flesh is heat resistant. (rF+) [Jiyva's grace]
 87078 | Slime:5  | Got a slimy rune of Zot
 87081 | Slime:5  | Lost mutation: Your flesh is heat resistant. (rF+) [Jiyva's grace]
 87092 | Slime:5  | Gained mutation: Your translucent skin slightly reduces your foes' accuracy. (Stealth) [Jiyva's grace]
 87097 | Slime:5  | Found the +10 Black Knight's horse barding {ponderous, rPois rN+}
 87104 | Slime:5  | Identified Itiucw's Catalogue of Mutagenic Self-Knowledge
 87115 | Slime:5  | Got a fine falchion
 87116 | Slime:5  | Identified the +9 falchion "Cog Veir" {drain, *Corrode rPois Dex+5} (You found it on level 5 of the Pits of Slime)
 87451 | D:14     | Gained mutation: You have sharp fingernails. [Jiyva's grace]
 87634 | Vaults:4 | Lost mutation: Your rubbery body absorbs attacks. (AC +1, EV +1) [Jiyva's grace]
 87640 | Vaults:4 | Gained mutation: You are dopey. (Int -2) [Jiyva's grace]
 87672 | Vaults:4 | Gained mutation: You are weak. (Str -2) [Jiyva's grace]
 88006 | Vaults:5 | Lost mutation: Your translucent skin slightly reduces your foes' accuracy. (Stealth) [Jiyva's grace]
 88008 | Vaults:5 | Identified the Papyrus of Intoxication and Companions
 88028 | Vaults:5 | Reached XP level 26. HP: 53/248 MP: 29/30
 88196 | Vaults:5 | Gained mutation: You have an increased reservoir of magic. (+10% MP) [Jiyva's grace]
 88209 | Vaults:5 | Lost mutation: You are weak. (Str -2) [Jiyva's grace]
 88225 | Vaults:5 | Gained mutation: You have large cloven feet. [Jiyva's grace]
 88278 | Vaults:5 | Gained mutation: You are somewhat resistant to further mutation. [Jiyva's grace]
 88316 | Vaults:5 | Gained mutation: Your flesh is heat resistant. (rF+) [Jiyva's grace]
 88348 | Vaults:5 | Lost mutation: You are dopey. (Int -2) [Jiyva's grace]
 88545 | Vaults:5 | Gained mutation: You possess an exceptional clarity of mind. [Jiyva's grace]
 88725 | Vaults:5 | Lost mutation: You have large cloven feet. [Jiyva's grace]
 88768 | Vaults:5 | Gained mutation: You have acidic saliva. [Jiyva's grace]
 88816 | Vaults:5 | Lost mutation: You possess an exceptional clarity of mind. [Jiyva's grace]
 88971 | Vaults:5 | Got spiked steam dragon scales
 88972 | Vaults:5 | Identified the +1 steam dragon scales of Jeixo {rC+ MR+ SInv} (You took it off a vault warden on level 5 of the Vaults)
 88975 | Vaults:5 | Got a dazzling dagger
 88976 | Vaults:5 | Identified the +4 dagger "Joos" {vamp, +Fly rC+ Str-5 Dex+2} (You found it on level 5 of the Vaults)
 88981 | Vaults:5 | Got a twisted halberd {flame}
 89008 | Vaults:5 | Gained mutation: You expend magic power (3 MP) to strengthen your wands. [Jiyva's grace]
 89292 | Vaults:5 | Gained mutation: Your rubbery body absorbs attacks. (AC +1, EV +1) [Jiyva's grace]
 89562 | Vaults:5 | Identified the Grimoire of Intoxication
 89567 | Vaults:5 | Got a silver rune of Zot
 90248 | Depths:3 | Voluntarily entered the Abyss.
 90389 | Abyss:1  | Learned a level 1 spell: Apportation
 90486 | Abyss:2  | Gained mutation: You are partially covered in rugged brown scales. (AC +1, +3% HP) [Jiyva's grace]
 90617 | Abyss:3  | Identified the +1 great sword "Goyteyje" {holy, rC++ Str+5 Dex-5} (You found it on level 3 of the Abyss)
 90720 | Abyss:3  | Reached skill level 1 in Spellcasting
 90727 | Abyss:3  | Reached skill level 1 in Translocations
 90983 | Abyss:3  | Upgraded the game from 0.22-a0-441-gcf5b0c6 to 0.22-a0-443-g17c3723
 91007 | Abyss:3  | Gained mutation: You occasionally shout uncontrollably at your foes. [a neqoxec]
 91077 | Depths:3 | Escaped the Abyss
 91346 | Depths:3 | Voluntarily entered the Abyss.
 91388 | Abyss:1  | Found a corrupted altar of Lugonu.
 91505 | Abyss:1  | Gained mutation: You possess an exceptional clarity of mind. [Jiyva's grace]
 91550 | Abyss:1  | Reached XP level 27. HP: 262/262 MP: 34/34
 91558 | Abyss:2  | Found a corrupted altar of Lugonu.
 91569 | Abyss:2  | Learned a level 3 spell: Regeneration
 91921 | Abyss:3  | Noticed an ancient lich
 91937 | Abyss:3  | Killed an ancient lich
 91937 | Abyss:3  | Reached skill level 1 in Charms
 91937 | Abyss:3  | Reached skill level 1 in Necromancy
 92114 | Abyss:4  | Gained mutation: Your system is resistant to poisons. (rPois) [Jiyva's grace]
 92218 | Abyss:4  | Upgraded the game from 0.22-a0-443-g17c3723 to 0.22-a0-455-ga0624bf
 92296 | Abyss:4  | Gained mutation: Your pliable body absorbs attacks. (AC +2, EV +2) [Jiyva's grace]
 92336 | Abyss:5  | Entered Level 5 of the Abyss
 92496 | Depths:3 | Escaped the Abyss
 92501 | Depths:3 | Voluntarily entered the Abyss.
 92797 | Abyss:1  | Found a corrupted altar of Lugonu.
 92870 | Abyss:1  | Identified the +4 scale mail "Dasananne" {rF- rC+ Int+3 Dex+9} (You found it on level 1 of the Abyss)
 93242 | Abyss:1  | Found a corrupted altar of Lugonu.
 93517 | Abyss:1  | Lost mutation: Your pliable body absorbs attacks. (AC +2, EV +2) [Jiyva's grace]
 93540 | Abyss:1  | Noticed an ancient lich
 93547 | Abyss:1  | Killed an ancient lich
 93972 | Abyss:4  | Found a corrupted altar of Lugonu.
 93981 | Abyss:4  | Found a corrupted altar of Lugonu.
 94004 | Abyss:4  | Gained mutation: You are surrounded by a mild repulsion field. (EV +2) [Jiyva's grace]
 94012 | Abyss:5  | Entered Level 5 of the Abyss
 94017 | Abyss:5  | Found a viscous altar of Jiyva.
 94035 | Abyss:5  | Found a corrupted altar of Lugonu.
 94087 | Abyss:5  | Paralysed by accursed screaming for 1 turns
 94160 | Abyss:5  | Paralysed by accursed screaming for 1 turns
 94197 | Depths:3 | Escaped the Abyss
 94273 | Depths:3 | Lost mutation: Your system is resistant to poisons. (rPois) [Jiyva's grace]
 94353 | Depths:3 | Lost mutation: You have sharp fingernails. [Jiyva's grace]
 94440 | Depths:3 | Gained mutation: Your pliable body absorbs attacks. (AC +2, EV +2) [Jiyva's grace]
 94463 | Depths:3 | Voluntarily entered the Abyss.
 94778 | Abyss:1  | Reached skill level 5 in Necromancy
 94915 | Abyss:1  | Noticed an ancient lich
 94924 | Abyss:1  | Killed an ancient lich
 94941 | Depths:3 | Escaped the Abyss
 95041 | Depths:3 | Lost mutation: Your flesh is heat resistant. (rF+) [Jiyva's grace]
 95228 | Depths:3 | Paralysed by Trog for 6 turns
 95408 | Depths:3 | Voluntarily entered the Abyss.
 95523 | Abyss:1  | Reached skill level 5 in Charms
 95535 | Abyss:1  | Lost mutation: You are somewhat resistant to further mutation. [Jiyva's grace]
 96063 | Abyss:2  | Lost mutation: You possess an exceptional clarity of mind. [a neqoxec]
 96074 | Abyss:2  | Identified the +1 flail "Boiraina" {freeze, rF+} (You found it on level 2 of the Abyss)
 96081 | Abyss:3  | Found a corrupted altar of Lugonu.
 96262 | Abyss:3  | Reached skill level 5 in Translocations
 96901 | Abyss:4  | Gained mutation: Armour fits poorly on your strangely shaped body. [a neqoxec]
 97020 | Abyss:5  | Entered Level 5 of the Abyss
 97322 | Abyss:5  | Reached skill level 5 in Spellcasting
 97379 | Abyss:5  | Lost mutation: You occasionally shout uncontrollably at your foes. [Jiyva's power]
 97381 | Abyss:5  | Found a deep blue altar of Sif Muna.
 97416 | Abyss:5  | Found a deep blue altar of Sif Muna.
 97468 | Abyss:5  | Found a corrupted altar of Lugonu.
 97752 | Abyss:5  | Gained mutation: You are dopey. (Int -2) [a neqoxec]
 97766 | Depths:3 | Escaped the Abyss
 97982 | Depths:3 | Gained mutation: Your movements are slightly less encumbered by armour. (ER -2) [Jiyva's grace]
 98008 | Depths:3 | Voluntarily entered the Abyss.
 98025 | Abyss:1  | Noticed an ancient lich
 98037 | Abyss:1  | Killed an ancient lich
 98074 | Depths:3 | Escaped the Abyss
 98211 | Depths:3 | Voluntarily entered the Abyss.
 98234 | Abyss:1  | Found a shimmering altar of Xom.
 98243 | Abyss:1  | Found a shimmering altar of Xom.
 98463 | Abyss:1  | Paralysed by accursed screaming for 1 turns
 98469 | Abyss:1  | Paralysed by accursed screaming for 1 turns
 98490 | Abyss:1  | Goblin1989: !lg .
 98490 | Abyss:1  | XtahuaRules: 2488. Goblin1989 the Insei (L2 OpTm), slain by a leopard gecko on D:1 on 2018-05-29 09:53:08, with 14 points after 444 turns and 0:02:13.
 98527 | Abyss:1  | Found a shadowy altar of Dithmenos.
 98546 | Abyss:1  | Noticed an ancient lich
 98554 | Abyss:1  | Killed an ancient lich
 98819 | Abyss:2  | Lost mutation: Your pliable body absorbs attacks. (AC +2, EV +2) [Jiyva's grace]
 99252 | Abyss:3  | Upgraded the game from 0.22-a0-455-ga0624bf to 0.22-a0-456-g11ed031
 99453 | Abyss:4  | Learned a level 8 spell: Death's Door
 99465 | Depths:3 | Escaped the Abyss
 99466 | Depths:3 | Upgraded the game from 0.22-a0-456-g11ed031 to 0.22-a0-458-gb446440
 99466 | Depths:3 | Upgraded the game from 0.22-a0-458-gb446440 to 0.22-a0-469-gf26638a
 99575 | Depths:3 | Voluntarily entered the Abyss.
 99645 | Abyss:1  | Lost mutation: You have a small jelly attached to you that may absorb incoming projectiles. [Jiyva's grace]
 99772 | Abyss:2  | Found a deep blue altar of Sif Muna.
 99980 | Abyss:2  | Lost mutation: Armour fits poorly on your strangely shaped body. [Jiyva's power]
100201 | Abyss:2  | Paralysed by you for 7 turns
100229 | Abyss:3  | Lost mutation: You are dopey. (Int -2) [Jiyva's grace]
100243 | Abyss:3  | Found a roughly hewn altar of Beogh.
100359 | Abyss:3  | Paralysed by accursed screaming for 2 turns
100393 | Abyss:3  | Lost mutation: You are partially covered in rugged brown scales. (AC +1, +3% HP) [Jiyva's grace]
100534 | Abyss:3  | Lost mutation: You are surrounded by a mild repulsion field. (EV +2) [Jiyva's grace]
100663 | Abyss:3  | Got an abyssal rune of Zot
100686 | Abyss:3  | Lost mutation: You have acidic saliva. [Jiyva's grace]
100740 | Depths:3 | Escaped the Abyss
100762 | Pan      | Entered Pandemonium
100940 | Pan      | Gained mutation: You are clumsy. (Dex -2) [a neqoxec]
101029 | Pan      | Gained mutation: You occasionally shout uncontrollably at your foes. [a cacodemon]
101137 | Pan      | Gained mutation: Your translucent skin slightly reduces your foes' accuracy. (Stealth) [Jiyva's grace]
101145 | Pan      | Gained mutation: You have a small jelly attached to you that senses nearby items. [Jiyva's grace]
101273 | Pan      | Was forgiven by Trog
101276 | Pan      | Noticed Nipt the pandemonium lord
101281 | Pan      | Found a huge runed gate.
101403 | Pan      | Gained mutation: You can translocate small distances at will. [Jiyva's grace]
101412 | Pan      | Killed Nipt the pandemonium lord
101640 | Pan      | Gained mutation: You are somewhat resistant to further mutation. [Jiyva's grace]
101877 | Pan      | Cast into level 2 of the Abyss (reaper)
101923 | Pan      | Escaped the Abyss
102046 | Pan      | Lost mutation: You are clumsy. (Dex -2) [Jiyva's grace]
102217 | Pan      | Noticed Muryurer the pandemonium lord
102437 | Pan      | Lost mutation: You occasionally shout uncontrollably at your foes. [Jiyva's grace]
102549 | Pan      | Paralysed by Muryurer for 4 turns
102563 | Pan      | Killed Muryurer the pandemonium lord
102695 | Pan      | Reached skill level 10 in Necromancy
103100 | Pan      | Lost mutation: You expend magic power (3 MP) to strengthen your wands. [Jiyva's grace]
103101 | Pan      | Noticed Faneh the pandemonium lord
103124 | Pan      | Killed Faneh the pandemonium lord
103826 | Vaults:4 | Gained mutation: Armour fits poorly on your pseudopods. [Jiyva's grace]
104198 | Pan      | Entered the realm of Cerebov.
104447 | Pan      | Goblin1989: &dump casual
104447 | Pan      | XtahuaRules: http://crawl.berotato.org/crawl/morgue/casual/casual.txt
104472 | Pan      | Lost mutation: Your translucent skin slightly reduces your foes' accuracy. (Stealth) [Jiyva's grace]
104472 | Pan      | Gained mutation: Your skin changes colour to match your surroundings (Stealth+). [Jiyva's grace]
104486 | Pan      | Gained mutation: You have a considerably increased reservoir of magic. (+20% MP) [Jiyva's grace]
104518 | Pan      | Noticed Cerebov
104556 | Pan      | Killed Cerebov
104619 | Pan      | Lost mutation: You can translocate small distances at will. [Jiyva's grace]
104621 | Pan      | Identified the Tome of the Supportive Birds
104645 | Pan      | Identified the cursed ring "Neapt" {rF- rC+ Str+4 Int-4} (You found it in Pandemonium)
104685 | Pan      | Identified the amulet "Gadaerph" {Faith Str+5 Stlth-} (You found it in Pandemonium)
104693 | Pan      | Gained mutation: Your flesh is cold resistant. (rC+) [Jiyva's grace]
104723 | Pan      | Identified the amulet "Kar Deeng" {Gourm rC+ Str+4 Stlth-} (You took it off a balrug in Pandemonium)
104743 | Pan      | Got a fiery rune of Zot
104804 | Pan      | Identified the +5 trident of Punishment {pierce, rF+ MP+9 Str+4} (You found it in Pandemonium)
104873 | Pan      | Lost mutation: Your skin changes colour to match your surroundings (Stealth+). [Jiyva's grace]
104985 | Pan      | Reached skill level 10 in Charms
105194 | Pan      | Entered the realm of Mnoleg.
105281 | Pan      | Got a smoking long sword
105282 | Pan      | Identified the cursed +3 long sword "Leokeduzi" {venom, rPois Int+4 Stlth+} (You found it in Pandemonium)
105363 | Pan      | Noticed Mnoleg
105386 | Pan      | Reached skill level 15 in Evocations
105562 | Pan      | Learned a level 9 spell: Fire Storm
105707 | Pan      | Lost mutation: Your flesh is cold resistant. (rC+) [Jiyva's grace]
105856 | Pan      | Gained mutation: You tend to lose your temper in combat. [a neqoxec]
105949 | Pan      | Reached skill level 1 in Fire Magic
105951 | Pan      | Reached skill level 1 in Conjurations
105968 | Pan      | Lost mutation: You have a considerably increased reservoir of magic. (+20% MP) [a cacodemon]
105996 | Pan      | Got a glowing rune of Zot
106180 | Pan      | Found an exit through the horrors of the Abyss.
106201 | Pan      | Noticed Goujyg the pandemonium lord
106240 | Pan      | Lost mutation: Your rubbery body absorbs attacks. (AC +1, EV +1) [Jiyva's grace]
106318 | Pan      | Lost mutation: You tend to lose your temper in combat. [Jiyva's grace]
106687 | Pan      | Killed Goujyg the pandemonium lord
107059 | Pan      | Lost mutation: You are somewhat resistant to further mutation. [Jiyva's grace]
107113 | Pan      | Lost mutation: You have an increased reservoir of magic. (+10% MP) [Jiyva's grace]
107308 | Pan      | Lost mutation: Your movements are slightly less encumbered by armour. (ER -2) [Jiyva's grace]
107505 | Pan      | Gained mutation: Your translucent skin slightly reduces your foes' accuracy. (Stealth) [Jiyva's grace]
107695 | Pan      | Got a demonic rune of Zot
107886 | Pan      | Entered the realm of Gloorx Vloq.
107916 | Pan      | Goblin1989: @??gloorx vlorq
107916 | Pan      | XtahuaRules: unknown monster: "gloorx vlorq"
107916 | Pan      | Goblin1989: @??gloorx_vlorq
107916 | Pan      | XtahuaRules: unknown monster: "gloorx_vlorq"
107916 | Pan      | Goblin1989: @??gloorx_vloq
107916 | Pan      | XtahuaRules: Gloorx Vloq (&)
                  | Spd:
    20 | HD: 16   | HP: 292-417
                  | AC/EV: 10/10
                  | Dam: 45
                  | demonic, doors, fighter, evil, see invisible, fly
                  | Res: magic(immune), cold, elec, poison, rot, neg+++, torm
                  | Vul: holy
                  | XP: 12578
                  | Sp: poison arrow (3d23) [!sil], miasma breath (3d13) [!sil], s.torment [!sil], dispel undead (3d25) [!sil], sum.executioners [!sil]
                  | Sz: Larg
107916 | Pan      | XtahuaRules:
                  | Int: human.
107916 | Pan      | Goblin1989: я даже хз как его убивать
107966 | Pan      | Gained mutation: You are partially covered in large bone plates. (SH +4) [Jiyva's grace]
108823 | Pan      | Noticed Gloorx Vloq
108853 | Pan      | Got a dark rune of Zot
108864 | Pan      | Goblin1989: изи руновор
108875 | Pan      | Noticed pk666's ghost (legendary DEFE)
108880 | Pan      | Noticed Huilopa the pandemonium lord
109065 | Pan      | Gained mutation: Armour fits poorly on your strangely shaped body. [a cacodemon]
109069 | Pan      | Gained mutation: You are clumsy. (Dex -2) [a cacodemon]
109156 | Crypt:2  | Gained mutation: You have a small jelly attached to you that may absorb incoming projectiles. [Jiyva's grace]
109192 | Pan      | Noticed Hyesos the pandemonium lord
109201 | Pan      | Killed Hyesos the pandemonium lord
111139 | Pan      | Noticed Xoys the pandemonium lord
111171 | Pan      | Killed Xoys the pandemonium lord
111928 | Pan      | Lost mutation: You have a small jelly attached to you that may absorb incoming projectiles. [Jiyva's grace]
112121 | Pan      | Reached skill level 5 in Fire Magic
112161 | Pan      | Reached skill level 5 in Conjurations
112389 | Pan      | Noticed Imacil the pandemonium lord
112411 | Pan      | Killed Imacil the pandemonium lord
112961 | Pan      | Found an exit through the horrors of the Abyss.
113239 | Pan      | Noticed Seonuac the pandemonium lord
113302 | Pan      | Gained mutation: You are partially covered in yellow scales. (AC +2) [Jiyva's grace]
113370 | Pan      | Killed Seonuac the pandemonium lord
113561 | Pan      | Noticed Mnoleg
113599 | Pan      | Gained mutation: You are dopey. (Int -2) [Mnoleg's mutagenic touch]
113759 | Pan      | Gained mutation: Your body sometimes deteriorates upon taking damage. [Jiyva's grace]
113772 | Pan      | Gained mutation: You are frail. (-10% HP) [Mnoleg's mutagenic touch]
113787 | Pan      | Killed Mnoleg
114282 | Pan      | Lost mutation: You are frail. (-10% HP) [a neqoxec]
114529 | Pan      | Gained mutation: Your spells are a little easier to cast, but a little less powerful. [a neqoxec]
114614 | Pan      | HP: 3/269 [Hell Sentinel/iron shot (51)]
114660 | Pan      | Noticed Ignacio
114739 | Pan      | Upgraded the game from 0.22-a0-469-gf26638a to 0.22-a0-479-gc6e99f3
114793 | Pan      | Lost mutation: Your translucent skin slightly reduces your foes' accuracy. (Stealth) [Jiyva's grace]
115144 | Pan      | Upgraded the game from 0.22-a0-479-gc6e99f3 to 0.22-a0-480-g991dd4b
115201 | Pan      | Found a huge runed gate.
115214 | Pan      | Noticed Gloorx Vloq
115289 | Pan      | Lost mutation: You are clumsy. (Dex -2) [Jiyva's grace]
115480 | Pan      | Entered the realm of Lom Lobon.
115488 | Pan      | Noticed Lom Lobon
115492 | Pan      | Got a magical rune of Zot
115497 | Pan      | Noticed Ignacio
115515 | Pan      | Killed Ignacio
115590 | Pan      | Learned a level 2 spell: Blink
115591 | Depths:3 | Escaped Pandemonium
115612 | Depths:3 | Upgraded the game from 0.22-a0-480-g991dd4b to 0.22-a0-482-g76e0a5f
115618 | Depths:3 | Voluntarily entered the Abyss.
115660 | Abyss:1  | Gained mutation: Your translucent skin slightly reduces your foes' accuracy. (Stealth) [Jiyva's grace]
115675 | Abyss:1  | Found a bloodstained altar of Trog.
115680 | Abyss:1  | Lost mutation: Your body sometimes deteriorates upon taking damage. [Jiyva's power]
116006 | Depths:3 | Escaped the Abyss
116008 | Depths:3 | Voluntarily entered the Abyss.
116027 | Abyss:1  | Found a stormy altar of Qazlal.
116231 | Abyss:3  | Lost mutation: Your spells are a little easier to cast, but a little less powerful. [Jiyva's power]
116346 | Abyss:3  | Paralysed by accursed screaming for 2 turns
116380 | Abyss:3  | Paralysed by accursed screaming for 1 turns
116392 | Abyss:3  | Gained mutation: You are clumsy. (Dex -2) [a neqoxec]
116450 | Abyss:3  | Paralysed by accursed screaming for 2 turns
116475 | Abyss:3  | Paralysed by accursed screaming for 1 turns
116485 | Abyss:3  | Paralysed by accursed screaming for 2 turns
116491 | Abyss:3  | Paralysed by accursed screaming for 1 turns
116566 | Abyss:3  | Lost mutation: Armour fits poorly on your strangely shaped body. [Jiyva's power]
116779 | D:8      | Gained mutation: Your body has grown golden eyes which may confuse attackers. (Acc +3) [Jiyva's grace]
116906 | Abyss:3  | Paralysed by accursed screaming for 2 turns
116914 | Abyss:3  | Paralysed by accursed screaming for 1 turns
116926 | Abyss:3  | Paralysed by accursed screaming for 1 turns
116939 | Abyss:3  | Gained mutation: You occasionally shout uncontrollably at your foes. [a neqoxec]
116961 | Abyss:3  | Gained mutation: You have a somewhat thin skeletal structure. (Dex +2, Stealth) [Jiyva's grace]
117008 | Abyss:3  | Gained mutation: You are frail. (-10% HP) [a neqoxec]
117010 | Abyss:3  | Gained mutation: You are weak. (Str -2) [a neqoxec]
117195 | Abyss:4  | Lost mutation: You are frail. (-10% HP) [Jiyva's grace]
117397 | Depths:3 | Escaped the Abyss
117656 | Depths:3 | Voluntarily entered the Abyss.
117688 | Depths:3 | Escaped the Abyss
117690 | Depths:3 | Voluntarily entered the Abyss.
117700 | Abyss:1  | Noticed an ancient lich
117836 | Abyss:2  | Found a corrupted altar of Lugonu.
117978 | Abyss:2  | Lost mutation: You are clumsy. (Dex -2) [Jiyva's grace]
118131 | Abyss:2  | Upgraded the game from 0.22-a0-482-g76e0a5f to 0.22-a0-515-g75794bf
118544 | Abyss:2  | Lost mutation: You have a small jelly attached to you that senses nearby items. [Jiyva's grace]
118795 | Abyss:3  | Lost mutation: You occasionally shout uncontrollably at your foes. [Jiyva's power]
118906 | Abyss:4  | Learned a level 5 spell: Fireball
119042 | Abyss:5  | Entered Level 5 of the Abyss
119052 | Abyss:5  | Learned a level 3 spell: Lesser Beckoning
119066 | Vaults:4 | Gained mutation: Your system is resistant to poisons. (rPois) [Jiyva's grace]
119283 | Abyss:5  | Reached skill level 10 in Spellcasting
119399 | Depths:3 | Escaped the Abyss
119737 | Depths:3 | Voluntarily entered the Abyss.
119741 | Abyss:1  | Gained mutation: You have sharp toenails. [Jiyva's grace]
120082 | Abyss:1  | Paralysed by accursed screaming for 1 turns
120087 | Depths:3 | Escaped the Abyss
120099 | Depths:3 | Killed an ancient lich
120264 | Depths:3 | Voluntarily entered the Abyss.
120282 | Abyss:1  | Reached skill level 10 in Fire Magic
120310 | Abyss:1  | Noticed an ancient lich
120320 | Abyss:1  | Killed an ancient lich
120320 | Abyss:1  | Reached skill level 10 in Conjurations
120388 | Abyss:1  | Found a corrupted altar of Lugonu.
120603 | Abyss:1  | Found a corrupted altar of Lugonu.
120693 | Abyss:1  | Found a corrupted altar of Lugonu.
120874 | Abyss:1  | Paralysed by you for 4 turns
120896 | Abyss:1  | Found a corrupted altar of Lugonu.
120947 | Abyss:1  | Goblin1989: !lg 4tharra0fdagon ogfe
120947 | Abyss:1  | XtahuaRules: No games for 4tharra0fdagon (ogfe).
120947 | Abyss:1  | Goblin1989: !lg 4tharraofdagon ogfe
120947 | Abyss:1  | XtahuaRules: 22. 4thArraOfDagon the Firebug (L2 OgFE), shot by a centaur (arrow) on D:2 on 2018-06-08 09:10:59, with 13 points after 231 turns and 0:01:09.
120947 | Abyss:1  | Goblin1989: !lg 4tharraofdagon ogfe -1
120947 | Abyss:1  | XtahuaRules: 22. 4thArraOfDagon the Firebug (L2 OgFE), shot by a centaur (arrow) on D:2 on 2018-06-08 09:10:59, with 13 points after 231 turns and 0:01:09.
120947 | Abyss:1  | Goblin1989: &dump 4tharraofdagon
120947 | Abyss:1  | XtahuaRules: http://CRAWL.XTAHUA.COM/crawl/morgue/4thArraOfDagon/4thArraOfDagon.txt
120947 | Abyss:1  | Goblin1989: !lg 4tharraofdagon ogfe -2
120947 | Abyss:1  | XtahuaRules: 21/22. 4thArraOfDagon the Luminary of Lethal Lore (L27 OgFE of Vehumet), mangled by a reaper (a +5 scythe of venom) (called by a doom hound) on Zig:26 on 2018-06-08 08:27:02, with 1519999 points after 48310 turns and 10:13:04.
120947 | Abyss:1  | Goblin1989: !lg 4tharraofdagon ogfe -2 -log
120947 | Abyss:1  | XtahuaRules: 21/22. 4thArraOfDagon, XL27 OgFE, T:48310: https://crawl.xtahua.com/crawl/morgue/4thArraOfDagon/morgue-4thArraOfDagon-20180608-082702.txt
120947 | Abyss:1  | Goblin1989: 10 всего прошел
120947 | Abyss:1  | Goblin1989: мало
120947 | Abyss:1  | Upgraded the game from 0.22-a0-515-g75794bf to 0.22-a0-525-gf69a080
121004 | Abyss:1  | Gained mutation: You have a beak for a mouth. [Jiyva's grace]
121005 | Depths:3 | Escaped the Abyss
121110 | Zot:1    | Entered Level 1 of the Realm of Zot
121473 | Depths:5 | Gained mutation: You are agile. (Dex +2) [Jiyva's grace]
121642 | Zot:1    | Noticed an orb of fire
121665 | Zot:1    | Killed an orb of fire
122103 | Zot:1    | Gained mutation: Armour fits poorly on your large pseudopods. [Jiyva's grace]
122517 | Zot:1    | Lost mutation: Your body has grown golden eyes which may confuse attackers. (Acc +3) [Jiyva's grace]
122973 | D:14     | Lost mutation: You are weak. (Str -2) [Jiyva's grace]
123130 | Temple   | Entered the Ecumenical Temple
123342 | D:4      | Lost mutation: You are dopey. (Int -2) [Jiyva's grace]
123425 | D:4      | Fell from the grace of Jiyva
123425 | D:4      | Became a worshipper of Vehumet
123856 | Depths:3 | Voluntarily entered the Abyss.
123859 | Abyss:1  | Found a corrupted altar of Lugonu.
123865 | Abyss:1  | Found a corrupted altar of Lugonu.
124162 | Abyss:2  | Reached skill level 27 in Fighting
124707 | Abyss:3  | Reached * piety under Vehumet
124707 | Abyss:3  | Offered knowledge of Freeze by Vehumet.
124732 | Depths:3 | Escaped the Abyss
125241 | Zot:2    | Learned a level 8 spell: Ignition
125382 | Zot:2    | Got a translucent short sword
125509 | Zot:2    | Lost mutation: Your translucent skin slightly reduces your foes' accuracy. (Stealth) [the vengeance of Jiyva]
125768 | Zot:2    | Offered knowledge of Sting by Vehumet.
125788 | Zot:2    | Reached ** piety under Vehumet
125809 | Zot:2    | Lost mutation: Armour fits poorly on your large pseudopods. [the vengeance of Jiyva]
125852 | Zot:2    | Gained mutation: You are dopey. (Int -2) [mutagenic glow]
125852 | Zot:2    | Lost mutation: You are agile. (Dex +2) [the vengeance of Jiyva]
125852 | Zot:2    | Gained mutation: You tend to lose your temper in combat. [the vengeance of Jiyva]
126055 | Zot:1    | Identified the +4 short sword "Giantslayer" {flame, MR+ Str+4} (You found it on level 2 of the Realm of Zot)
126544 | Zot:2    | Lost mutation: Your system is resistant to poisons. (rPois) [potion of mutation]
126544 | Zot:2    | Lost mutation: Armour fits poorly on your pseudopods. [potion of mutation]
126544 | Zot:2    | Lost mutation: You tend to lose your temper in combat. [potion of mutation]
126544 | Zot:2    | Gained mutation: You have a pair of large horns on your head. [potion of mutation]
126544 | Zot:2    | Lost mutation: You have sharp toenails. [potion of mutation]
126544 | Zot:2    | Lost mutation: You have a beak for a mouth. [potion of mutation]
126544 | Zot:2    | Gained mutation: Your system is resistant to poisons. (rPois) [potion of mutation]
127699 | Zot:3    | Offered knowledge of Ignite Poison by Vehumet.
127990 | Zot:3    | Reached *** piety under Vehumet
128500 | Zot:3    | Offered knowledge of Olgreb's Toxic Radiance by Vehumet.
128519 | Zot:3    | Noticed an orb of fire
128536 | Zot:3    | Killed an orb of fire
128590 | Zot:3    | Gained mutation: You occasionally shout uncontrollably at your foes. [mutagenic glow]
128667 | Zot:3    | Lost mutation: You have a pair of large horns on your head. [potion of mutation]
128667 | Zot:3    | Lost mutation: You occasionally shout uncontrollably at your foes. [potion of mutation]
128667 | Zot:3    | Gained mutation: Your skin changes colour to match your surroundings (Stealth+). [potion of mutation]
129638 | Zot:4    | Got a dazzling spear
129639 | Zot:4    | Identified the +7 spear "Wupeothe" {pierce, rN++ Int+3} (You found it on level 4 of the Realm of Zot)
129713 | Zot:5    | Entered Level 5 of the Realm of Zot
129821 | Zot:5    | Reached **** piety under Vehumet
130499 | Zot:5    | Noticed an ancient lich
130510 | Zot:5    | Killed an ancient lich
130595 | Zot:5    | Offered knowledge of Iskenderun's Battlesphere by Vehumet.
130680 | Hell     | Entered the Vestibule of Hell
130680 | Hell     | Noticed Geryon
130761 | Hell     | Cast into level 3 of the Abyss (reaper)
130764 | Abyss:3  | Identified the cursed +0 chain mail "Sihuapogh" {+Fly rCorr} (You found it on level 3 of the Abyss)
130849 | Abyss:3  | Found a corrupted altar of Lugonu.
130943 | Abyss:3  | Found a bloodstained altar of Trog.
130943 | Abyss:3  | Found a stormy altar of Qazlal.
130943 | Abyss:3  | Found a glowing silver altar of Zin.
130943 | Abyss:3  | Found a blossoming altar of Fedhas.
130943 | Abyss:3  | Found an iron altar of Okawaru.
130943 | Abyss:3  | Found a sparkling altar of Nemelex Xobeh.
130944 | Abyss:3  | Found an ornate altar of the Wu Jian Council.
130944 | Abyss:3  | Found a burning altar of Makhleb.
130944 | Abyss:3  | Found a shimmering altar of Xom.
130944 | Abyss:3  | Found a deep blue altar of Sif Muna.
130946 | Abyss:3  | Found a white marble altar of Elyvilon.
131176 | Abyss:3  | Reached ***** piety under Vehumet
131180 | Abyss:3  | Offered knowledge of Bolt of Fire by Vehumet.
131225 | Hell     | Escaped the Abyss
131707 | Hell     | Killed Geryon
131921 | Hell     | Offered knowledge of Bolt of Magma by Vehumet.
132088 | Hell     | Found a gateway to the ashen valley of Gehenna.
132123 | Hell     | Found a gateway to the Iron City of Dis.
132194 | Hell     | Found a gateway to the freezing wastes of Cocytus.
132350 | Hell     | Found a gateway to the decaying netherworld of Tartarus.
132723 | Depths:3 | Voluntarily entered the Abyss.
133394 | Abyss:2  | Gained mutation: Scrolls take you a little longer to read. [the vengeance of Jiyva]
133394 | Abyss:2  | Gained mutation: You are very dopey. (Int -4) [the vengeance of Jiyva]
133394 | Abyss:2  | Was forgiven by Jiyva
133399 | Abyss:2  | Paralysed by accursed screaming for 1 turns
133757 | Abyss:2  | Offered knowledge of Iron Shot by Vehumet.
133765 | Abyss:2  | Paralysed by accursed screaming for 1 turns
133808 | Abyss:2  | Gained mutation: Your spells are a little easier to cast, but a little less powerful. [a neqoxec]
133836 | Abyss:2  | Paralysed by accursed screaming for 1 turns
134071 | Abyss:3  | Gained mutation: You are frail. (-10% HP) [a neqoxec]
134419 | Abyss:4  | Found a corrupted altar of Lugonu.
134532 | Abyss:4  | Paralysed by you for 4 turns
134596 | Abyss:4  | Offered knowledge of Bolt of Cold by Vehumet.
134741 | Abyss:5  | Entered Level 5 of the Abyss
134794 | Abyss:5  | Gained mutation: You are sometimes teleported next to monsters. [a neqoxec]
134835 | Depths:3 | Escaped the Abyss
135035 | Depths:3 | Lost mutation: Scrolls take you a little longer to read. [potion of mutation]
135035 | Depths:3 | Lost mutation: You are frail. (-10% HP) [potion of mutation]
135035 | Depths:3 | Lost mutation: You have a somewhat thin skeletal structure. (Dex +2, Stealth) [potion of mutation]
135035 | Depths:3 | Lost mutation: You are partially covered in large bone plates. (SH +4) [potion of mutation]
135035 | Depths:3 | Gained mutation: Armour fits poorly on your strangely shaped body. [potion of mutation]
135035 | Depths:3 | Gained mutation: You are partially covered in rugged brown scales. (AC +1, +3% HP) [potion of mutation]
135036 | Depths:3 | Lost mutation: Armour fits poorly on your strangely shaped body. [potion of mutation]
135036 | Depths:3 | Lost mutation: You are partially covered in yellow scales. (AC +2) [potion of mutation]
135036 | Depths:3 | Lost mutation: Your system is resistant to poisons. (rPois) [potion of mutation]
135036 | Depths:3 | Gained mutation: You occasionally shout uncontrollably at your foes. [potion of mutation]
135036 | Depths:3 | Lost mutation: You are very dopey. (Int -4) [potion of mutation]
135037 | Depths:3 | Lost mutation: Your spells are a little easier to cast, but a little less powerful. [potion of mutation]
135037 | Depths:3 | Lost mutation: You are dopey. (Int -2) [potion of mutation]
135037 | Depths:3 | Gained mutation: You are clumsy. (Dex -2) [potion of mutation]
135037 | Depths:3 | Gained mutation: You expend magic power (3 MP) to strengthen your wands. [potion of mutation]
135039 | Depths:3 | Voluntarily entered the Abyss.
135068 | Abyss:1  | Noticed an ancient lich
135068 | Abyss:1  | Paralysed by accursed screaming for 2 turns
135084 | Abyss:1  | Paralysed by accursed screaming for 2 turns
135158 | Abyss:1  | Killed an ancient lich
135322 | Abyss:1  | Goblin1989: !locateallall
135322 | Abyss:1  | XtahuaRules: Goblin1989: CBRO 0.17, L1 TrFi of No God
                  | CDO 0.17, L1 DEFE of No God
                  | CUE 0.22-a, L1 MiFi of No God
                  | CXC 0.19, L1 DDEE of No God
                  | CXC 0.18, L1 DDEE of No God
                  | CXC 0.22-a, L27 MiBe of Vehumet
                  | CXC 0.21, L1 DsTm of No God
135323 | Depths:3 | Escaped the Abyss
135628 | D:7      | Bought a potion of magic for 96 gold pieces
135628 | D:7      | Bought a potion of cancellation for 96 gold pieces
135628 | D:7      | Bought a potion of mutation for 96 gold pieces
135628 | D:7      | Bought a potion of brilliance for 48 gold pieces
135628 | D:7      | Bought a potion of cancellation for 96 gold pieces
135628 | D:7      | Bought 2 potions of brilliance for 96 gold pieces
135762 | Orc:2    | Bought a scroll of remove curse for 39 gold pieces
135762 | Orc:2    | Bought a scroll of identify for 26 gold pieces
135762 | Orc:2    | Bought a scroll of identify for 26 gold pieces
135762 | Orc:2    | Bought a scroll of teleportation for 39 gold pieces
135762 | Orc:2    | Bought a scroll of identify for 26 gold pieces
135762 | Orc:2    | Bought a scroll of identify for 26 gold pieces
135762 | Orc:2    | Bought a scroll of identify for 26 gold pieces
135762 | Orc:2    | Bought a scroll of blinking for 97 gold pieces
135762 | Orc:2    | Bought a scroll of identify for 26 gold pieces
135762 | Orc:2    | Bought a scroll of remove curse for 39 gold pieces
135809 | Orc:2    | Bought a scroll of teleportation for 36 gold pieces
135809 | Orc:2    | Bought a scroll of acquirement for 624 gold pieces
135809 | Orc:2    | Identified Onlaziff's Grimoire of the Bewitching Frostbite (You acquired it on level 2 of the Orcish Mines)
136154 | Zig:1    | Entered Level 1 of a ziggurat
136175 | Zig:2    | Entered Level 2 of a ziggurat
136179 | Zig:2    | Noticed an ancient lich
136188 | Zig:2    | Killed an ancient lich
136204 | Zig:3    | Entered Level 3 of a ziggurat
136245 | Zig:4    | Entered Level 4 of a ziggurat
136285 | Zig:4    | Identified the Catalogue of Unholy Dislocation
136304 | Zig:5    | Entered Level 5 of a ziggurat
136312 | Zig:5    | Offered knowledge of Orb of Destruction by Vehumet.
136359 | Zig:5    | Got a glittering pewter ring
136378 | Zig:6    | Entered Level 6 of a ziggurat
136392 | Zig:6    | Reached skill level 15 in Fire Magic
136395 | Zig:6    | Found the +6 arbalest "Damnation" {damnation}
136443 | Zig:7    | Entered Level 7 of a ziggurat
136473 | Zig:7    | Reached skill level 15 in Conjurations
136504 | Zig:7    | Identified Dispater's Incunabulum of the Mountains
136523 | Zig:7    | Identified the ring "Ygukhysu" {Ice Str-2 Dex+2 Stlth+} (You found it on level 5 of a ziggurat)
136526 | Zig:8    | Entered Level 8 of a ziggurat
136537 | Zig:8    | Reached ****** piety under Vehumet
136607 | Zig:8    | Got a glittering zirconium amulet
136631 | Zig:8    | Identified the amulet of Zutixea {Acrobat +Blink rElec Int-2 Dex+8} (You found it on level 8 of a ziggurat)
136635 | Zig:9    | Entered Level 9 of a ziggurat
136650 | Zig:9    | Kikal: !stalk $p
136650 | Zig:9    | XtahuaRules: Goblin1989 the L27 MiBe^Veh in Zig:9 (cxc tiles), 10:24:28, T:136635, runes: 10 (magical, dark, demonic...), defenses: 34/26/33, stats: 21/23/14, >15 skills: Fighting,Armour,Dodging,Shields,Unarmed Combat,Conjurations,Fire Magic,Evocations, Max skills: Fighting,Unarmed Combat
136661 | Zig:9    | Kikal: MiBe^Veh ну ты и извращенец)
136661 | Zig:9    | Goblin1989: ой
136661 | Zig:9    | Goblin1989: не заметил даже
136661 | Zig:9    | Goblin1989: ну а то
136691 | Zig:9    | Got a smoking scale mail
136713 | Zig:9    | Identified the cursed +0 scale mail of Elitism {rElec Slay+3} (You found it on level 9 of a ziggurat)
136786 | Zig:10   | Entered Level 10 of a ziggurat
136827 | Zig:10   | Identified the Incunabulum of the Hurtful Oath
136841 | Zig:10   | Got a crystal shortbow
136860 | Zig:11   | Entered Level 11 of a ziggurat
136868 | Zig:11   | Offered knowledge of Spellforged Servitor by Vehumet.
136882 | Zig:11   | Found the ring of Robustness {AC+8}
136910 | Zig:12   | Entered Level 12 of a ziggurat
136933 | Zig:12   | Found the +5 demon whip "Spellbinder" {antimagic, MR+}
136958 | Zig:12   | Got a spiked scale mail
136990 | Zig:12   | Identified the +5 scale mail "Kykalompa" {+Fly rPois rC- Str+3} (You found it on level 12 of a ziggurat)
137004 | Zig:12   | Got a brightly glowing platinum ring
137009 | Zig:12   | Identified the ring "Ramudequ" {-Tele MP+9 Int+5 Dex+4} (You found it on level 12 of a ziggurat)
137019 | Zig:12   | Identified the amulet "Cyshiwk" {Inacc rPois rN+ MR+} (You found it on level 12 of a ziggurat)
137030 | Zig:13   | Entered Level 13 of a ziggurat
137134 | Zig:13   | Got a pitted quarterstaff
137146 | Zig:13   | Got an ichor-stained rapier
137147 | Zig:13   | Identified the +9 rapier of the Warrior-Mage {elec, +Blink Str-3 Int+7} (You found it on level 13 of a ziggurat)
137163 | Zig:14   | Entered Level 14 of a ziggurat
137175 | Zig:14   | Offered knowledge of Ozocubu's Refrigeration by Vehumet.
137200 | Zig:14   | Lost mutation: You expend magic power (3 MP) to strengthen your wands. [potion of mutation]
137200 | Zig:14   | Lost mutation: You occasionally shout uncontrollably at your foes. [potion of mutation]
137200 | Zig:14   | Lost mutation: You are occasionally teleported next to monsters. [potion of mutation]
137200 | Zig:14   | Lost mutation: Your skin changes colour to match your surroundings (Stealth+). [potion of mutation]
137200 | Zig:14   | Gained mutation: You are dopey. (Int -2) [potion of mutation]
137200 | Zig:14   | Gained mutation: Your magical capacity is low. (-10% MP) [potion of mutation]
137200 | Zig:14   | Gained mutation: You can translocate small distances at will. [potion of mutation]
137201 | Zig:14   | Lost mutation: Your magical capacity is low. (-10% MP) [potion of mutation]
137201 | Zig:14   | Lost mutation: You can translocate small distances at will. [potion of mutation]
137201 | Zig:14   | Gained mutation: Potions are less effective at restoring your health. [potion of mutation]
137201 | Zig:14   | Gained mutation: You do not regenerate when monsters are visible. [potion of mutation]
137201 | Zig:14   | Gained mutation: Your muscles are strong. (Str +2) [potion of mutation]
137201 | Zig:14   | Gained mutation: You have an increased reservoir of magic. (+10% MP) [potion of mutation]
137202 | Zig:14   | Lost mutation: Potions are less effective at restoring your health. [potion of mutation]
137202 | Zig:14   | Lost mutation: You are clumsy. (Dex -2) [potion of mutation]
137202 | Zig:14   | Lost mutation: You are dopey. (Int -2) [potion of mutation]
137202 | Zig:14   | Lost mutation: You do not regenerate when monsters are visible. [potion of mutation]
137202 | Zig:14   | Lost mutation: Your muscles are strong. (Str +2) [potion of mutation]
137202 | Zig:14   | Gained mutation: Your spells are a little harder to cast, but a little more powerful. [potion of mutation]
137202 | Zig:14   | Gained mutation: You have a somewhat thin skeletal structure. (Dex +2, Stealth) [potion of mutation]
137224 | Zig:14   | Identified the +3 short sword of Ipeh {distort, rPois} (You found it on level 14 of a ziggurat)
137266 | Zig:15   | Entered Level 15 of a ziggurat
137275 | Zig:15   | Noticed a juggernaut
137276 | Zig:15   | Noticed a juggernaut
137285 | Zig:15   | Killed a juggernaut
137286 | Zig:15   | Killed a juggernaut
137305 | Zig:15   | Identified the +1 pair of gloves "Xajetuf" {+Fly Regen+ Dex+7} (You found it on level 15 of a ziggurat)
137323 | Zig:15   | Found the amulet of Vitality {Regen+ HP+15}
137362 | Zig:16   | Entered Level 16 of a ziggurat
137424 | Zig:16   | Identified Apaats's Disquisition on the Traveller and Moulding
137436 | Zig:16   | Identified the cursed +1 chain mail of Context {Int-5 Dex+5 Slay+2} (You found it on level 16 of a ziggurat)
137440 | Zig:16   | Identified the +8 spear "Beetlebane" {drain, rN+} (You found it on level 16 of a ziggurat)
137444 | Zig:16   | Identified the +6 morningstar "Tuighic" {venom, MR+ Int+4} (You found it on level 16 of a ziggurat)
137683 | Zig:17   | Entered Level 17 of a ziggurat
137688 | Zig:17   | Noticed a juggernaut
137691 | Zig:17   | Noticed a juggernaut
137693 | Zig:17   | Noticed a juggernaut
137694 | Zig:17   | Noticed a juggernaut
137704 | Zig:17   | Killed a juggernaut
137706 | Zig:17   | Killed a juggernaut
137706 | Zig:17   | Killed a juggernaut
137708 | Zig:17   | Killed a juggernaut
137802 | Zig:18   | Entered Level 18 of a ziggurat
137823 | Zig:18   | Found the +8 demon blade "Leech" {vamp, rN+ AC-3 EV-3}
137844 | Zig:18   | Identified Mihouf's Handbook of Scorching Bewitchment
137880 | Zig:18   | Identified the +1 long sword of Udghous {distort, +Inv} (You found it on level 18 of a ziggurat)
137883 | Zig:18   | Identified the +11 hand axe of Watchfulness {antimagic, +Fly Str+4} (You found it on level 18 of a ziggurat)
137902 | Zig:19   | Entered Level 19 of a ziggurat
137904 | Zig:19   | Goblin1989: бляха
137904 | Zig:19   | Goblin1989: сайленс
138507 | Zig:19   | Goblin1989: опа
138507 | Zig:19   | Goblin1989: сафер
138507 | Zig:19   | Goblin1989: привет рекордсменам
138563 | Zig:19   | Sapher: hihi
138564 | Zig:19   | Got a flickering golden ring
138574 | Zig:19   | Identified Neogimep's Collected Works on Attacks
138595 | Zig:19   | Identified Easy Spellcraft
138614 | Zig:19   | Identified the ring "Qockos" {*Tele rElec rPois Str+2 Int+2} (You found it on level 19 of a ziggurat)
138615 | Zig:19   | Identified the ring "Xacheh" {rF+ EV+3} (You found it on level 19 of a ziggurat)
138620 | Zig:20   | Entered Level 20 of a ziggurat
138662 | Zig:20   | Reached skill level 27 in Dodging
138819 | Zig:20   | Learned a level 8 spell: Necromutation
138826 | Zig:20   | Identified the ring of Equilibrium {rCorr rN+} (You found it on level 20 of a ziggurat)
138832 | Zig:20   | Identified Sif Muna's Papyrus of Contamination and Stones
138851 | Zig:20   | Identified the cursed +2 hand crossbow "Mapioma" {flame, rPois rF+} (You found it on level 20 of a ziggurat)
138862 | Zig:21   | Entered Level 21 of a ziggurat
138864 | Zig:21   | Sapher: я че-то тут подумал....не за горами время, когда топовая игра по очкам достагнет лимита 99.999 миллионов
138864 | Zig:21   | Goblin1989: это как?
138864 | Zig:21   | Sapher: еще на пару тысяч ходов ускориться и все...все игры имеют один и тот же результата...лимит 99 миллионов
138864 | Zig:21   | Goblin1989: а
138864 | Zig:21   | Goblin1989: ну че, дэвы придумают выхож
138864 | Zig:21   | Goblin1989: *выход
138869 | Zig:21   | Sapher: может...они там че-то хотят переделать ... считать очки не по ходам а по игровому времени
138870 | Zig:21   | Goblin1989: по реалтайму?
138870 | Zig:21   | Goblin1989: тупо
138870 | Zig:21   | Goblin1989: мне кажется
138870 | Zig:21   | Sapher: не, по аутам
138870 | Zig:21   | Sapher: короче вот то время что на юкране
138870 | Zig:21   | Sapher: 132 тыщи
138870 | Zig:21   | Goblin1989: хм
138870 | Zig:21   | Goblin1989: тогда выиграют спригганы?
138871 | Zig:21   | Sapher: говорят еще поправка на расу будет какая-то...
138872 | Zig:21   | Noticed an ancient lich
138874 | Zig:21   | Noticed an ancient lich
138875 | Zig:21   | Sapher: типа чтобы сприганы не читерили
138875 | Zig:21   | Goblin1989: кстати, а почему 0.21, а не 0.22?
138875 | Zig:21   | Noticed an ancient lich
138876 | Zig:21   | Noticed an ancient lich
138878 | Zig:21   | Sapher: ну bvc посильнее...а это главный мой источник урона
138879 | Zig:21   | Killed an ancient lich
138881 | Zig:21   | Sapher: вобщем в 0.22 никаких бонусов, а минус есть
138881 | Zig:21   | Killed an ancient lich
138884 | Zig:21   | Killed an ancient lich
138885 | Zig:21   | Sapher: да и самого спелла на старте не будет
138887 | Zig:21   | Sapher: ну и lrd стены не рушит!
138887 | Zig:21   | Killed an ancient lich
138890 | Zig:21   | Sapher: это же жесть...я там половину рун выкрал через lrd
138894 | Zig:21   | Goblin1989: а ну лрд в 0.22 это вообще жест
138894 | Zig:21   | Goblin1989: но он зато на всех одинаково теперь работает вроде
138942 | Zig:21   | Identified the ring of Latwiowno {MR+ MP+9} (You found it on level 21 of a ziggurat)
138988 | Zig:22   | Entered Level 22 of a ziggurat
139044 | Zig:22   | Identified the Incunabulum of the Voyage and Companions
139050 | Zig:22   | Identified the +3 buckler of Yfolo {*Slow +Inv rF+++ Slay-3} (You found it on level 22 of a ziggurat)
139064 | Zig:22   | Goblin1989: о, под бриллом теперь фш скастуется
139064 | Zig:22   | Goblin1989: норм
139065 | Zig:23   | Entered Level 23 of a ziggurat
139074 | Zig:23   | Sapher: шатер лучше - им даже целиться не надо ^_^
139076 | Zig:23   | Goblin1989: мне шаттер не предпочтителен - им за горизон атаковать нельзя
139079 | Zig:23   | Sergey: если прочитать fog, то можно шаттером бить тех, кто тебя не видит
139086 | Zig:23   | Goblin1989: только фог ограничен
139086 | Zig:23   | Goblin1989: если плаща нет
139101 | Zig:23   | Found the +6 shillelagh "Devastator" {shatter}
139120 | Zig:23   | Identified the Catalogue of Stones and Unholy Secrets
139139 | Zig:23   | Identified the +0 cloak of Xom's Righteous Anger {rC++} (You found it on level 23 of a ziggurat)
139161 | Zig:24   | Entered Level 24 of a ziggurat
139199 | Zig:24   | Found the +4 Vampire's Tooth {vamp}
139245 | Zig:24   | Identified the Papyrus of the Voyage and Clay
139274 | Zig:24   | Got a scorched morningstar
139275 | Zig:24   | Identified the +9 morningstar of Wyrd {flame, MR+ Dex+4} (You found it on level 24 of a ziggurat)
139279 | Zig:24   | Got steaming fire dragon scales
139280 | Zig:24   | Identified the +3 fire dragon scales "Akauh" {rF++ rC- Str-5 Dex+6} (You found it on level 24 of a ziggurat)
139295 | Zig:24   | Got a steaming hand axe
139296 | Zig:24   | Identified the +4 hand axe "Cirexon" {drain, rElec MR+ Str+8 Dex-4} (You found it on level 24 of a ziggurat)
139304 | Zig:24   | Got a tiger eye-studded plate armour
139315 | Zig:24   | Identified the cursed +0 plate armour of the Ban {rF+} (You found it on level 24 of a ziggurat)
139323 | Zig:24   | Got a translucent ring mail
139329 | Zig:24   | Identified the +4 ring mail of Kegoclank {Regen+ Int+6} (You found it on level 24 of a ziggurat)
139344 | Zig:25   | Entered Level 25 of a ziggurat
139391 | Zig:25   | Goblin1989: чет мне кажется бримстоуны меня сейчас выебут
139391 | Zig:25   | Goblin1989: ??distortion
139391 | Zig:25   | XtahuaRules: distortion[1/6]: A weapon brand. When it hits, inflicts a random option from "1-7 bonus damage", "3-26 bonus damage", "blink", "teleport", or {banish}. When you unwield, you suffer wild translocation effects - up to 43 raw damage, banishment, teleport+confusion, or lots of glow. The probability of banishment from unwielding is 207/896, or about 23%.
139393 | Zig:25   | Gained mutation: You are dopey. (Int -2) [mutagenic glow]
139425 | Zig:25   | Noticed Nepri the pandemonium lord
139437 | Zig:25   | Killed Nepri the pandemonium lord
139562 | Zig:25   | Got an encrusted spear
139661 | Zig:25   | Reached skill level 15 in Spellcasting
139770 | Zig:25   | Goblin1989: не выебали, но оставили без хилок совсем
139771 | Zig:26   | Entered Level 26 of a ziggurat
139785 | Zig:26   | Noticed an ancient lich
139786 | Zig:26   | Noticed an ancient lich
139787 | Zig:26   | Noticed an ancient lich
139787 | Zig:26   | Noticed an ancient lich
139788 | Zig:26   | Noticed an ancient lich
139788 | Zig:26   | Noticed an ancient lich
139789 | Zig:26   | Noticed an ancient lich
139792 | Zig:26   | Noticed an ancient lich
139792 | Zig:26   | Noticed an ancient lich
139793 | Zig:26   | Killed an ancient lich
139794 | Zig:26   | Killed an ancient lich
139794 | Zig:26   | Noticed an ancient lich
139796 | Zig:26   | Noticed an ancient lich
139796 | Zig:26   | Killed an ancient lich
139797 | Zig:26   | Killed an ancient lich
139799 | Zig:26   | Killed an ancient lich
139799 | Zig:26   | Killed an ancient lich
139804 | Zig:26   | Killed an ancient lich
139804 | Zig:26   | Killed an ancient lich
139804 | Zig:26   | Killed an ancient lich
139805 | Zig:26   | Killed an ancient lich
139805 | Zig:26   | Killed an ancient lich
139858 | Zig:26   | Identified the Reference Book on Conjuration and Intoxication
139887 | Zig:26   | Identified the amulet of Xofoaj {Gourm rF++ MP+9 Stlth+} (You acquired it on level 26 of a ziggurat)
139897 | Zig:26   | Got a smoking great mace
139898 | Zig:26   | Identified the +8 great mace "Nok Anox" {crush, rPois rN+ Str-4} (You found it on level 26 of a ziggurat)
139905 | Zig:26   | Got an ivory hunting sling
139906 | Zig:26   | Identified the +1 hunting sling of Dishonesty {velocity, *Corrode +Inv rF++ Stlth+} (You found it on level 26 of a ziggurat)
139976 | Zig:27   | Entered Level 27 of a ziggurat
140043 | Zig:27   | Noticed Caidineck the pandemonium lord
140044 | Zig:27   | Killed Caidineck the pandemonium lord
140056 | Zig:27   | Found the +8 longbow "Zephyr" {speed, Dex+3 SInv}
140062 | Zig:27   | HP: 6/281 [hellion/damnation (21)]
140072 | Depths:2 | Goblin1989: черт, чуть не умер в последнем
140072 | Depths:2 | ReniFell: Че, гоблен...
140072 | Depths:2 | ReniFell: Кастуешь...
140077 | Depths:2 | Goblin1989: да пипец
140077 | Depths:2 | ReniFell: Кастующая корова - это мощно!
140077 | Depths:2 | Goblin1989: последний этаж жеский попался, еле ноги вынес
140087 | Depths:2 | ReniFell: Пажжи
140087 | Depths:2 | ReniFell: А чо в руке-то носишь
140088 | Depths:2 | Goblin1989: в руке визарди
140090 | Depths:2 | ReniFell: А че не хватает скилла, что ли...
140090 | Depths:2 | Goblin1989: конечно
140090 | Depths:2 | ReniFell: А, фда
140090 | Depths:2 | ReniFell: Понятно
140090 | Depths:2 | Goblin1989: бляха
140090 | Depths:2 | Goblin1989: ну-ка
140338 | Depths:3 | ReniFell: Фда оч тяжелая, можно что-то вроде пда или сомпда взять
140349 | Depths:3 | ReniFell: Так тоже неплохо
140587 | Zig:1    | Entered Level 1 of a ziggurat
140613 | Zig:2    | Entered Level 2 of a ziggurat
140673 | Zig:3    | Entered Level 3 of a ziggurat
140706 | Zig:4    | Entered Level 4 of a ziggurat
140710 | Zig:4    | Reached skill level 1 in Throwing
140742 | Zig:5    | Entered Level 5 of a ziggurat
140775 | Zig:5    | Identified the Reference Book on Darkness and Attacks
140794 | Zig:6    | Entered Level 6 of a ziggurat
140840 | Zig:7    | Entered Level 7 of a ziggurat
140859 | Zig:7    | Got a smoking steel amulet
140922 | Zig:8    | Entered Level 8 of a ziggurat
140979 | Zig:8    | Got a twisted dagger
141016 | Zig:8    | Identified the +8 dagger "Killer Klown's Foe" {pierce, Str+3} (You found it on level 8 of a ziggurat)
141029 | Zig:9    | Entered Level 9 of a ziggurat
141038 | Zig:9    | Noticed an ancient lich
141040 | Zig:9    | Killed an ancient lich
141093 | Zig:9    | ReniFell: айс меджик куул
141126 | Zig:9    | Goblin1989: мне пока рано ее качать
141126 | Zig:9    | Goblin1989: я после шторма негра выкачивать планирую
141126 | Zig:9    | Identified the amulet "Ceuky" {Faith rF+} (You found it on level 7 of a ziggurat)
141184 | Zig:10   | Entered Level 10 of a ziggurat
141269 | Zig:10   | Identified the amulet of the Sun {Reflect rF+ rC++ Str-3 SH+2} (You found it on level 10 of a ziggurat)
141275 | Zig:10   | Got a fine rapier
141276 | Zig:10   | Identified the cursed +1 rapier of Zin {venom, rC+ rN+} (You found it on level 10 of a ziggurat)
141305 | Zig:11   | Entered Level 11 of a ziggurat
141315 | Zig:11   | Reached skill level 5 in Throwing
141317 | Zig:11   | Lost mutation: You have an increased reservoir of magic. (+10% MP) [a shining eye]
141320 | Zig:11   | Found the +9 heavy crossbow "Sniper" {velocity, Acc+∞ SInv}
141331 | Zig:11   | Found the ring of the Octopus King
141344 | Zig:11   | Identified the Volume of the Final Coins
141352 | Zig:11   | Got a faintly glowing granite ring
141354 | Zig:11   | Identified the cursed ring "Quxawas" {EV-3 Str+6} (You found it on level 11 of a ziggurat)
141361 | Zig:11   | Got a ring of the Octopus King
141371 | Zig:12   | Entered Level 12 of a ziggurat
141451 | Zig:12   | Identified the +2 robe "Mienyjar" {rCorr} (You found it on level 12 of a ziggurat)
141594 | Zig:13   | Entered Level 13 of a ziggurat
141659 | Zig:13   | Identified the Handbook of the Hidden Tables
141711 | Zig:14   | Entered Level 14 of a ziggurat
141792 | Zig:14   | Got a faintly glowing bone ring
141794 | Zig:14   | Identified the ring of Okhom {Int+4 Slay+4 Stlth+} (You found it on level 14 of a ziggurat)
141796 | Zig:14   | Identified a ring of the Octopus King {MP+9 AC+1 EV+1 Str+1 Int+1 Dex+1} (You found it on level 11 of a ziggurat)
141823 | Zig:15   | Entered Level 15 of a ziggurat
141837 | Zig:15   | Found the +8 Wrath of Trog {antimagic, *Rage}
141927 | Zig:15   | Got a crystal hand axe
141928 | Zig:15   | Identified the +9 hand axe "Vinweesiu" {freeze, Stlth+} (You found it on level 15 of a ziggurat)
142000 | Zig:16   | Entered Level 16 of a ziggurat
142057 | Zig:16   | Found the amulet of the Four Winds {rN+ MR+++ Clar}
142104 | Zig:16   | Identified the Handbook of Beguiling
142107 | Zig:16   | Identified Advanced Steps in the Arcane Arts
142124 | Zig:17   | Entered Level 17 of a ziggurat
142230 | Zig:17   | Got an iridescent shortbow
142248 | Zig:17   | Identified the Grimoire of Lucky Summoning
142273 | Zig:18   | Entered Level 18 of a ziggurat
142399 | Zig:18   | Got a brightly glowing tin ring
142401 | Zig:18   | Identified the ring of Dithmenos's Outrage {*Corrode rF+ MR+++ Str+4 Slay+6} (You found it on level 18 of a ziggurat)
142431 | Zig:19   | Entered Level 19 of a ziggurat
142442 | Zig:19   | Learned a level 9 spell: Glaciate
142447 | Zig:19   | Reached skill level 10 in Throwing
142585 | Zig:19   | Identified the Almanac of the Eel
142598 | Zig:19   | Reached skill level 5 in Ice Magic
142621 | Zig:19   | Got a warped rapier
142622 | Zig:19   | Identified the +5 rapier of Makhleb's Castigation {pain, rF+ Dex+3 SInv Stlth-} (You found it on level 19 of a ziggurat)
142629 | Zig:19   | Got a sparkling silver amulet
142630 | Zig:19   | Identified the amulet "Osish" {Acrobat *Slow +Blink rC+ Slay+2} (You found it on level 19 of a ziggurat)
142633 | Zig:19   | Got a wavering lead ring
142635 | Zig:19   | Identified the ring "Ykalelocu" {Int+4 Dex+2} (You found it on level 19 of a ziggurat)
142646 | Zig:19   | Got an iridescent great sword
142663 | Zig:20   | Entered Level 20 of a ziggurat
142749 | Zig:20   | Reached skill level 10 in Ice Magic
142752 | Zig:20   | Got a scorched spear
142753 | Zig:20   | Identified the +7 spear of Jepner {speed, +Fly rPois Str+8 Stlth+} (You found it on level 20 of a ziggurat)
142774 | Zig:21   | Entered Level 21 of a ziggurat
142981 | Zig:21   | Identified the Almanac of Intoxication
143038 | Zig:21   | Identified the cursed +1 hand crossbow "Qugoe" {venom, rElec} (You found it on level 21 of a ziggurat)
143045 | Zig:21   | Identified the +1 leather armour of Foolhardiness {*Drain rPois Int+6} (You found it on level 21 of a ziggurat)
143050 | Zig:21   | Identified the +2 ring mail of Syndicalism {rF+ rN+} (You found it on level 21 of a ziggurat)
143069 | Zig:22   | Entered Level 22 of a ziggurat
143213 | Zig:22   | Identified the ring "Kueje" {+Blink rC- Dex+6 Stlth+} (You found it on level 22 of a ziggurat)
143224 | Zig:22   | Identified the ring "Paagh" {*Contam Str+2 Int+5 Stlth-} (You found it on level 22 of a ziggurat)
143230 | Zig:23   | Entered Level 23 of a ziggurat
143265 | Zig:23   | Gained mutation: Scrolls take you a little longer to read. [a cacodemon]
143279 | Zig:23   | Noticed Zidowna the pandemonium lord
143280 | Zig:23   | Killed Zidowna the pandemonium lord
143338 | Zig:23   | Identified the Papyrus of Enthralling Poison
143399 | Zig:23   | Got a pitted trident
143400 | Zig:23   | Identified the +12 trident "Mausukal" {pierce, *Noise rC++ rN+ Stlth+} (You found it on level 23 of a ziggurat)
143410 | Zig:23   | Identified the +2 leather armour of Plasticity {MP+9} (You found it on level 23 of a ziggurat)
143414 | Zig:23   | Identified the +1 robe of Qileile {rElec rC+++ Int-5 Dex-3} (You found it on level 23 of a ziggurat)
143422 | Zig:23   | Identified the +6 war axe of Yhequivo {holy, *Drain +Inv rC+++ MR+} (You found it on level 23 of a ziggurat)
143462 | Zig:24   | Entered Level 24 of a ziggurat
143538 | Zig:24   | Found the ring of Shadows {Umbra +Inv Stlth+}
143540 | Zig:24   | Found the +8 glaive of the Guard {elec, +Rage AC+5 SInv}
143558 | Zig:24   | Identified the Almanac of the Flying Arsonist
143594 | Zig:24   | Identified the Almanac of Dusty Creation
143660 | Zig:24   | Got a clouded lapis lazuli ring
143662 | Zig:24   | Identified the ring of Mune {*Tele MR++ Stlth+} (You found it on level 24 of a ziggurat)
143666 | Zig:24   | Got a slimy granite ring
143667 | Zig:24   | Identified the ring "Feoshriu" {*Contam rPois rF+ Str+4 Dex+2} (You found it on level 24 of a ziggurat)
143671 | Zig:24   | Got a heavily runed gossamer ring
143672 | Zig:24   | Identified the ring of Traps {Wiz +Blink} (You found it on level 24 of a ziggurat)
143684 | Zig:24   | Identified the ring "Waska" {*Tele rElec} (You found it on level 24 of a ziggurat)
143953 | Zig:24   | Lost mutation: Scrolls take you a little longer to read. [potion of mutation]
143953 | Zig:24   | Lost mutation: Your spells are a little harder to cast, but a little more powerful. [potion of mutation]
143953 | Zig:24   | Gained mutation: You are clumsy. (Dex -2) [potion of mutation]
143953 | Zig:24   | Gained mutation: You have large cloven feet. [potion of mutation]
143953 | Zig:24   | Lost mutation: You are clumsy. (Dex -2) [potion of mutation]
143953 | Zig:24   | Gained mutation: You evolve. [potion of mutation]
143954 | Zig:24   | Lost mutation: You are dopey. (Int -2) [potion of mutation]
143954 | Zig:24   | Lost mutation: You are partially covered in rugged brown scales. (AC +1, +3% HP) [potion of mutation]
143954 | Zig:24   | Lost mutation: You have a somewhat thin skeletal structure. (Dex +2, Stealth) [potion of mutation]
143954 | Zig:24   | Lost mutation: You have large cloven feet. [potion of mutation]
143954 | Zig:24   | Gained mutation: Your system is resistant to poisons. (rPois) [potion of mutation]
143958 | Zig:25   | Entered Level 25 of a ziggurat
143968 | Zig:25   | Goblin1989: ??howl
143968 | Zig:25   | XtahuaRules: doom hound[1/3]: In 0.18 a demon that appears in Tartarus, has a smite-targeted MR-ignoring hex that summons relatively nasty tar monsters. Lasts 12-18 turns. Has non-existent MR.
144027 | Zig:26   | Entered Level 26 of a ziggurat
144066 | Zig:26   | Killed from afar by a black draconian scorcher

Vault maps used:
D:1:      lightli_arrival_lavapool
D:2:      first_ration, ashenzari_altar_1
D:3:      uniq_robin
D:4:      kennysheep_mini, st_stairs_5, uniq_duvessa, uniq_ijyb
D:5:      portal_sewer_entry_a
D:6:      minmay_temple_entry_purple_smoke, st_stairs_9, minmay_misc_feat_alley
D:7:      serial_shops, shop, shop, nicolae_shop_stone
D:8:      basic_altar, serial_shops, nicolae_shop_behind_doors, uniq_psyche,
          uniq_pikel
D:9:      david_orc_4
D:11:     lair_entry_dummy, basic_altar
D:12:     lemuel_ogre_cave
D:13:     uniq_sonja, uniq_urug, uniq_maurice
D:14:     minmay_the_grid_plus_closed, grunt_vaults_entry_fortified,
          lemuel_crystal_altar, hangedman_pestilent_swarm, uniq_agnes
D:15:     hangedman_depths_entry_try_elsewhere_first, minmay_hedge_maze,
          serial_shops, nicolae_shop_stone, nicolae_shop_stone, shop_statue,
          nicolae_shop_waterfront, shop
Temple:   dpeg_three_leaves_temple
Lair:1:   nicolae_volcano_entry_batcave, basic_altar,
          portal_ice_cave_entry_pillars_1, lemuel_fruit_tree
Lair:2:   minmay_swamp_entry_worms, serial_bayou_ford_a,
          minmay_lair_oklob_chamber
Lair:3:   guppyfry_snake_entry_island, grunt_forest_large_clearings, uniq_snorg
Lair:4:   serial_bayou_shore_a, lemuel_fruit_fields, lemuel_fruit_fields,
          lemuel_fruit_fields, grunt_megastairs_3
Lair:5:   dpeg_slime_entry_enclosed_altar, uniq_nessos, uniq_kirke
Lair:6:   minmay_lair_end_enchanted_forest
Swamp:1:  nicolae_swamp_fairy_circle, swamp_pool1
Swamp:2:  evilmike_swamp_ruin_house_5, infiniplex_staircase_pool
Swamp:3:  evilmike_swamp_ruin_rubble_2, swamp_pool1, uniq_bai_suzhen
Swamp:4:  swamp_alternative, swamp_pool5
Snake:1:  serial_bayou_pond_d
Snake:3:  uniq_aizul
Snake:4:  grunt_snake_rune_spirals, spider_trap, uniq_vashnia, uniq_nikola
Slime:3:  nicolae_slime_phagocytosis
Orc:1:    serial_shops, mines2_david
Orc:2:    st_orc_town, serial_shops, shop_scrolls
Elf:1:    elf_arrival_001, hangedman_elven_crosses_minicolossus
Elf:2:    uniq_donald
Elf:3:    minmay_elf_hall_curves, uniq_asterion
Vaults:1: nicolae_vaults_big_angled_halls, hangedman_vaults_maws,
          nicolae_vaults_puzzle_piece, nicolae_vaults_network_s, v_misc_5,
          nicolae_vaults_little_squares_5, vaults_mumra_minichess, v_misc_27,
          ontoclasm_vaults_decontamination, serial_shops, nicolae_shop_crystal
Vaults:2: nicolae_vaults_stairing_the_circle, hangedman_vaults_trim,
          vaults_room_pools, st_more_cells, v_alt_pattern_6,
          hangedman_vaults_corner_blocks,
          vaults_standard_mumra_enter_the_diamond,
          hangedman_vaults_stretched_pinwheel, nicolae_vaults_little_squares_2,
          ontoclasm_vaults_ring_large, grunt_vaults_twisty,
          ontoclasm_vaults_chip
Vaults:3: hangedman_vaults_impose, nicolae_vaults_network_square,
          nicolae_vaults_network_periphery, minmay_crypt_entry_simple_round,
          ontoclasm_vaults_fault, nicolae_vaults_specimen_jars, v_misc_30,
          dpeg_vaults_monster_row, ontoclasm_vaults_chip,
          nicolae_vaults_yaktaur_gun_rack, ontoclasm_vaults_echo,
          nicolae_vaults_shelves_hall
Vaults:4: nicolae_vaults_windows_and_doors_thing, vaults_room_door_ring,
          hangedman_vaults_corner, hangedman_vaults_nodes,
          hangedman_vaults_snaps, v_misc_29, v_misc_23, v_misc_24,
          vaults_dpeg_encased_lava, vaults_dpeg_cross, nicolae_vaults_little_ls,
          nicolae_vaults_ring_of_whatevers, serial_shops, nicolae_shop_stone,
          basic_altar, uniq_sojobo
Crypt:2:  minmay_shadows, minmay_misc_feat_pillars, minivault_24,
          minmay_misc_feat_cross
Crypt:3:  cryptofortress_bobbens
Depths:1: serial_shops, bzr_entry_water, hell_entry, minmay_misc_feat_hallway,
          minivault_14, kennysheep_just_a_vault, uniq_mara
Depths:2: regret_index_qazlal_generations, enter_ziggurat_a,
          serial_bayou_pond_b, grunt_hell_horde, serial_shops, shop,
          mu_enter_wizlab_5, infiniplex_staircase_zigzag_3
Depths:3: nicolae_whirlpool, hell_entry, abyss_entry_small_statue_room,
          rand_demon_pan_entry_3
Depths:4: hangedman_box_tower, abyss_entry, hell_entry, serial_bayou_pond_c,
          infiniplex_staircase_zigzag_1, firewood_loft
Depths:5: grunt_zot_entry_gee_three, minmay_strange_pillars, hell_entry
Zot:1:    grunt_twist_and_shout
Zot:3:    kennysheep_blocky_hall
Zot:5:    grunt_ministairs_2
Abyss:1:  hangedman_abyss_town, evilmike_abyss_exit_mutagenic,
          hangedman_abyss_river_spirits, minivault_26, evilmike_abyss_exit_14
Abyss:2:  evilmike_abyss_exit_4, evilmike_abyss_exit_11,
          evilmike_abyss_exit_kraken, hangedman_abyss_stitches_cave,
          evilmike_abyss_exit_2, bh_abyss_exit_spiral, minivault_4,
          gammafunk_abyss_exit_x_factor, bh_abyss_exit_grid
Abyss:3:  nicolae_abyss_rune_star_stuff, small_statue_intersection,
          hangedman_classic_abyss_death, abyss_furniture_001,
          evilmike_nicolae_abyss_rune_containment_curve, minivault_25_ag,
          evilmike_nicolae_abyss_rune_betentacled_crabyss,
          evilmike_abyss_exit_13, hangedman_abyss_or_decor_lesser_grid,
          hangedman_decor_riveting, minivault_28, evilmike_abyss_exit_7,
          hangedman_abyss_river_spirits, hangedman_decor_lopped,
          evilmike_abyss_exit_3, guppyfry_abyss_exit_spiral_guarded,
          eino_small_chamber_without_monster, bh_abyss_exit_spiral,
          evilmike_abyss_exit_chaos, evilmike_abyss_exit_1
Abyss:4:  hangedman_abyss_or_decor_stabs, grunt_abyss_rune_wretched_hive,
          serial_sigils_hangedman_quiver, hangedman_abyss_feature_spike,
          hangedman_abyss_theft, minivault_11, gammafunk_abyss_rune_reverse_zot,
          grunt_abyss_exit_deep_breaths, hangedman_abyss_lost_library,
          hangedman_abyss_rune_macabre_mess, guppyfry_abyss_exit_imp_island,
          hangedman_glass_garden, hangedman_abyss_mock_shop,
          evilmike_abyss_exit_9, bh_abyss_exit_spiral, evilmike_abyss_exit_2,
          minivault_27
Abyss:5:  evilmike_abyss_exit_1, hangedman_decor_peaks_small,
          doesnt_abyss_rune_brain_food, evilmike_abyss_exit_vortex,
          hangedman_abyss_or_decor_slice, evilmike_abyss_rune_tso_outpost,
          guppyfry_abyss_exit_imp_island, evilmike_abyss_exit_8,
          lemuel_flamethrower_2, serial_sigils_hangedman_gut,
          abyss_furniture_001, hangedman_decor_points
Pan:      evilmike_mini_pan_layers, uniq_mennas_pan, pan_blood_fountain_small,
          pan_surprise, evilmike_mini_pan_rooms, pan_blood_fountain_small,
          uniq_mennas_pan, regret_index_pan_draining_boxed,
          nicolae_pan_gloorx_vloqian_3, nicolae_pan_sigil_eeng,
          nicolae_pan_giant_door, nicolae_pan_sigil_nadil, rand_demon_1,
          nicolae_pan_gloorx_vloqian_2, cerebov_grunt, mnoleg_grunt,
          evilmike_mini_pan_pillars_b, pan_blood_fountain,
          evilmike_gloorx_vloq_box, rand_demon_6, pan_blood_fountain,
          evilmike_mini_pan_thingy, evilmike_mini_pan_corner,
          evilmike_mini_pan_layers, nicolae_pan_sigil_itan,
          nicolae_pan_gloorx_vloqian_1, reaverb_pan_chaos_star,
          evilmike_mini_pan_V, uniq_ignacio, uniq_mnoleg,
          nicolae_pan_sigil_eeng, nicolae_pan_giant_door, uniq_gloorx_vloq,
          pan_blood_fountain, pan_blood_fountain_2, lom_lobon_grunt,
          uniq_ignacio, special_room
Zig:2:    ziggurat_pillar_centre_c
Zig:6:    ziggurat_pillar_centre_smoke
Zig:10:   ziggurat_pillar_centre_dead_trees
Zig:12:   ziggurat_pillar_centre_oklobs
Zig:18:   ziggurat_pillar_centre_more_plants
Zig:27:   ziggurat_pillar_centre_drop
Bazaar:   bazaar_minmay_row
Sewer:    kennysheep_door_sewer
IceCv:    ice_cave_small_giant
Volcano:  volcano_bunker
WizLab:   wizlab_cloud

Skill      XL: |  1  2  3  4  5  6  7  8  9 10 11 12 13 14 15 16 17 18 19 20 21 22 23 24 25 26 27 |
---------------+----------------------------------------------------------------------------------+-----
Fighting       | 4 5 6 7 8 9 10 11 12 13 14 15 16 17 18 19 20 21 22 23 27 | 27.0
Unarmed Combat | 4 5 6 7 9 10 11 12 14 15 17 18 19 20 21 22 23 24 25 26 27 | 27.0
Armour         | 3 4 5 6 7 8 10 11 12 13 14 15 16 17 18 | 18.0
Shields        | 1 2 3 4 5 6 8 9 10 11 13 14 15 16 17 18 19 20 21 22 25 | 25.0
Dodging        | 4 5 7 8 9 10 11 12 13 14 15 16 17 18 19 20 21 27 | 27.0
Evocations     | 4 6 8 10 12 21 | 21.5
Spellcasting   | 2 19 | 19.3
Translocations | 2 8 |  8.0
Charms         | 10 | 10.0
Necromancy     | 14 | 14.2
Fire Magic     | 24 | 24.9
Conjurations   | 24 | 24.0
Throwing       | 14 | 14.0
Ice Magic      | 10 | 10.2

Action                   |  1- 3 |  4- 6 |  7- 9 | 10-12 | 13-15 | 16-18 | 19-21 | 22-24 | 25-27 || total
-------------------------+-------+-------+-------+-------+-------+-------+-------+-------+-------++-------
Melee: Unarmed           |    71 |   130 |   238 |   754 |  1608 |  1134 |  1814 |  1381 | 11458 || 18588
       Headbutt          |    13 |    29 |    42 |   173 |   354 |   333 |   584 |   484 |  3450 ||  5462
       Punch             |     1 |       |       |       |       |       |       |       |       ||     1
       Bite              |       |       |       |       |       |       |       |       |   502 ||   502
       Pseudopods        |       |       |       |       |       |       |       |       |  1287 ||  1287
       Peck              |       |       |       |       |       |       |       |       |   182 ||   182
 Cast: Ignition          |       |       |       |       |       |       |       |       |   246 ||   246
       Regeneration      |       |       |       |       |       |       |       |       |   202 ||   202
       Fireball          |       |       |       |       |       |       |       |       |   140 ||   140
       Fire Storm        |       |       |       |       |       |       |       |       |   137 ||   137
       Apportation       |       |       |       |       |       |       |       |       |   128 ||   128
       Lesser Beckoning  |       |       |       |       |       |       |       |       |    19 ||    19
       Death's Door      |       |       |       |       |       |       |       |       |     1 ||     1
       Blink             |       |       |       |       |       |       |       |       |     1 ||     1
Invok: Berserk           |     1 |     4 |     7 |     8 |     9 |     4 |     1 |       |       ||    34
       Trog's Hand       |       |     4 |     3 |    10 |    13 |     5 |     8 |     2 |     4 ||    49
       Brothers in Arms  |       |       |       |     1 |     7 |     4 |     3 |     6 |       ||    21
       Request Jelly     |       |       |       |       |       |       |       |       |    31 ||    31
       Cure Bad Mutation |       |       |       |       |       |       |       |       |     7 ||     7
Evoke: Wand              |       |       |     3 |     3 |     3 |     2 |     1 |    29 |    62 ||   103
       Box of beasts     |       |       |       |       |       |       |       |       |     6 ||     6
       Fan of gales      |       |       |       |       |       |       |       |       |     1 ||     1
       Lamp of fire      |       |       |       |       |       |       |       |       |     1 ||     1
       Phial of floods   |       |       |       |       |       |       |       |       |     1 ||     1
       Figurine of a zig |       |       |       |       |       |       |       |       |     1 ||     1
  Use: Potion            |       |       |       |     2 |     2 |     4 |     2 |     4 |   102 ||   116
       Scroll            |       |       |       |     8 |    21 |     2 |     9 |    16 |   146 ||   202
 Stab: Invisible         |       |       |       |     1 |       |       |       |       |       ||     1
       Petrified         |       |       |       |       |     2 |       |       |       |     4 ||     6
       Distracted        |       |       |       |       |       |       |     1 |       |     8 ||     9
       Confused          |       |       |       |       |       |       |       |       |    17 ||    17
       Paralysed         |       |       |       |       |       |       |       |       |     1 ||     1
  Eat: Chunk             |     2 |    11 |    12 |    25 |    33 |    17 |    17 |    29 |   160 ||   306
       Ration            |       |       |     3 |     3 |    10 |     9 |    11 |     7 |    57 ||   100
Armor: Animal skin       |    14 |       |       |       |       |       |       |       |       ||    14
       Ring mail         |    10 |     9 |       |       |       |       |       |       |       ||    19
       Scale mail        |       |    23 |    51 |    12 |    24 |   267 |    35 |       |       ||   412
       Plate armour      |       |       |       |   254 |   396 |       |       |       |       ||   650
       Fire dragon scale |       |       |       |       |   157 |       |   368 |   276 |  1386 ||  2187
       Steam dragon scal |       |       |       |       |       |       |       |       |    13 ||    13
       Skin              |       |       |       |       |       |       |       |       |     7 ||     7
Dodge: Dodged            |    55 |    57 |    63 |   195 |   597 |   621 |   541 |   503 |  4278 ||  6910
Block: Buckler           |     1 |    23 |    11 |       |       |       |       |       |       ||    35
       Shield            |       |       |    69 |   366 |   974 |   659 |       |       |       ||  2068
       Large shield      |       |       |       |       |       |    66 |  1444 |  1024 | 10741 || 13275

Table legend:
 A = Spawn XP
 B = Non-spawn XP
 C = Spawn XP percentage of total XP
 D = Spawn monster count
 E = Non-spawn monster count
 F = Spawn count percentage of total count
 G = Total turns spent on level
                    A         B        C        D         E        F      G
               +---------+---------+-------+---------+---------+-------+---------
         Total |  924849 | 4463613 |  17.2 |    1372 |    5522 |  19.9 | 144066
               +---------+---------+-------+---------+---------+-------+---------
           D:1 |       0 |      32 |   0.0 |       0 |      18 |   0.0 |  1088
           D:2 |       0 |      18 |   0.0 |       0 |      13 |   0.0 |   981
           D:3 |       0 |     121 |   0.0 |       0 |      27 |   0.0 |  1129
           D:4 |       0 |     545 |   0.0 |       0 |      15 |   0.0 |  1598
           D:5 |       0 |     296 |   0.0 |       0 |      17 |   0.0 |   500
           D:6 |       0 |     453 |   0.0 |       0 |      17 |   0.0 |  1076
           D:7 |       0 |    1007 |   0.0 |       0 |      26 |   0.0 |  1230
           D:8 |       0 |    2534 |   0.0 |       0 |      10 |   0.0 |   955
           D:9 |       0 |    4485 |   0.0 |       0 |      54 |   0.0 |  2691
          D:10 |       0 |    1900 |   0.0 |       0 |      16 |   0.0 |  1393
          D:11 |       0 |    5836 |   0.0 |       0 |      34 |   0.0 |  3437
          D:12 |       0 |    4069 |   0.0 |       0 |      34 |   0.0 |  1048
          D:13 |       0 |    7147 |   0.0 |       0 |      21 |   0.0 |  2181
          D:14 |       0 |   21497 |   0.0 |       0 |      65 |   0.0 |  3929
          D:15 |       0 |   10698 |   0.0 |       0 |      22 |   0.0 |  1838
        Lair:1 |       0 |    4373 |   0.0 |       0 |      17 |   0.0 |  2293
        Lair:2 |       0 |    5027 |   0.0 |       0 |      21 |   0.0 |  2850
        Lair:3 |       0 |   14593 |   0.0 |       0 |      64 |   0.0 |  2706
        Lair:4 |       0 |    8090 |   0.0 |       0 |      35 |   0.0 |  2823
        Lair:5 |       0 |    6847 |   0.0 |       0 |      15 |   0.0 |  2702
        Lair:6 |       0 |   16378 |   0.0 |       0 |      69 |   0.0 |  1623
       Swamp:1 |       0 |   10415 |   0.0 |       0 |      24 |   0.0 |  1210
       Swamp:2 |       0 |   18017 |   0.0 |       0 |      43 |   0.0 |  1908
       Swamp:3 |       0 |   22234 |   0.0 |       0 |      38 |   0.0 |  1578
       Swamp:4 |       0 |   20986 |   0.0 |       0 |      43 |   0.0 |  1061
       Snake:1 |       0 |   10037 |   0.0 |       0 |      23 |   0.0 |  1115
       Snake:2 |       0 |   17852 |   0.0 |       0 |      28 |   0.0 |  1630
       Snake:3 |       0 |   23217 |   0.0 |       0 |      43 |   0.0 |  1851
       Snake:4 |       0 |   81051 |   0.0 |       0 |     111 |   0.0 |  3247
         Orc:1 |       0 |    3773 |   0.0 |       0 |      56 |   0.0 |   827
         Orc:2 |       0 |    6979 |   0.0 |       0 |      80 |   0.0 |  1548
         Elf:1 |       0 |   41240 |   0.0 |       0 |      64 |   0.0 |  1544
         Elf:2 |       0 |   19250 |   0.0 |       0 |      32 |   0.0 |   610
         Elf:3 |     732 |   54627 |   1.3 |       1 |      56 |   1.8 |  1579
      Vaults:1 |       0 |   49468 |   0.0 |       0 |      88 |   0.0 |  3227
      Vaults:2 |       0 |   55575 |   0.0 |       0 |      92 |   0.0 |  2961
      Vaults:3 |       0 |   58282 |   0.0 |       0 |      96 |   0.0 |  2393
      Vaults:4 |       0 |   61484 |   0.0 |       0 |      85 |   0.0 |  1847
      Vaults:5 |       0 |  150226 |   0.0 |       0 |     121 |   0.0 |  2277
       Crypt:1 |       0 |   18798 |   0.0 |       0 |      29 |   0.0 |  1554
       Crypt:2 |       0 |   32793 |   0.0 |       0 |      59 |   0.0 |  1183
       Crypt:3 |       0 |   63657 |   0.0 |       0 |      84 |   0.0 |  1604
      Depths:1 |       0 |   59557 |   0.0 |       0 |      61 |   0.0 |  1902
      Depths:2 |       0 |   72952 |   0.0 |       0 |      81 |   0.0 |  3916
      Depths:3 |   19105 |   53620 |  26.3 |       8 |      64 |  11.1 |  4458
      Depths:4 |       0 |  145348 |   0.0 |       0 |     106 |   0.0 |  2733
      Depths:5 |       0 |   92816 |   0.0 |       0 |      92 |   0.0 |  2659
          Hell |       0 |   53489 |   0.0 |       0 |      74 |   0.0 |   828
         Zot:1 |       0 |   70554 |   0.0 |       0 |      39 |   0.0 |  1789
         Zot:2 |       0 |   82727 |   0.0 |       0 |      53 |   0.0 |  2523
         Zot:3 |       0 |   85418 |   0.0 |       0 |      43 |   0.0 |  1296
         Zot:4 |       0 |   29570 |   0.0 |       0 |      17 |   0.0 |   690
         Zot:5 |       0 |   35344 |   0.0 |       0 |      14 |   0.0 |   885
       Abyss:1 |  222109 |   95896 |  69.8 |     254 |     165 |  60.6 |  4653
       Abyss:2 |  144939 |   86720 |  62.6 |     288 |     175 |  62.2 |  5235
       Abyss:3 |  170346 |   70657 |  70.7 |     281 |     188 |  59.9 |  4178
       Abyss:4 |  109776 |   21151 |  83.8 |     180 |      40 |  81.8 |  1991
       Abyss:5 |   86179 |   14033 |  86.0 |     115 |      36 |  76.2 |  1542
           Pan |  171663 |  450179 |  27.6 |     245 |     376 |  39.5 | 14783
         Zig:1 |       0 |    3942 |   0.0 |       0 |       4 |   0.0 |    47
         Zig:2 |       0 |   11848 |   0.0 |       0 |       5 |   0.0 |    89
         Zig:3 |       0 |   10749 |   0.0 |       0 |      11 |   0.0 |    74
         Zig:4 |       0 |   11130 |   0.0 |       0 |      16 |   0.0 |    95
         Zig:5 |       0 |   20768 |   0.0 |       0 |      31 |   0.0 |   126
         Zig:6 |       0 |   22073 |   0.0 |       0 |      24 |   0.0 |   111
         Zig:7 |       0 |   34081 |   0.0 |       0 |      23 |   0.0 |   165
         Zig:8 |       0 |   35528 |   0.0 |       0 |      39 |   0.0 |   216
         Zig:9 |       0 |   44299 |   0.0 |       0 |      44 |   0.0 |   306
        Zig:10 |       0 |   32266 |   0.0 |       0 |      64 |   0.0 |   195
        Zig:11 |       0 |   38949 |   0.0 |       0 |      46 |   0.0 |   116
        Zig:12 |       0 |   54749 |   0.0 |       0 |      70 |   0.0 |   343
        Zig:13 |       0 |   61124 |   0.0 |       0 |      57 |   0.0 |   250
        Zig:14 |       0 |   65071 |   0.0 |       0 |      77 |   0.0 |   215
        Zig:15 |       0 |   76158 |   0.0 |       0 |      86 |   0.0 |   273
        Zig:16 |       0 |   77362 |   0.0 |       0 |      84 |   0.0 |   445
        Zig:17 |       0 |  102461 |   0.0 |       0 |     104 |   0.0 |   268
        Zig:18 |       0 |   89856 |   0.0 |       0 |     100 |   0.0 |   258
        Zig:19 |       0 |   97679 |   0.0 |       0 |     122 |   0.0 |   950
        Zig:20 |       0 |  101228 |   0.0 |       0 |     127 |   0.0 |   353
        Zig:21 |       0 |  156947 |   0.0 |       0 |     136 |   0.0 |   421
        Zig:22 |       0 |  132601 |   0.0 |       0 |     132 |   0.0 |   238
        Zig:23 |       0 |  168160 |   0.0 |       0 |     129 |   0.0 |   328
        Zig:24 |       0 |  135366 |   0.0 |       0 |     152 |   0.0 |   679
        Zig:25 |       0 |  151995 |   0.0 |       0 |     140 |   0.0 |   496
        Zig:26 |       0 |  174800 |   0.0 |       0 |      54 |   0.0 |   244
        Zig:27 |       0 |   59618 |   0.0 |       0 |      31 |   0.0 |    91
         Sewer |       0 |     156 |   0.0 |       0 |       6 |   0.0 |   330
         IceCv |       0 |    9273 |   0.0 |       0 |      36 |   0.0 |  1670
       Volcano |       0 |    5947 |   0.0 |       0 |      11 |   0.0 |   247
        WizLab |       0 |   21491 |   0.0 |       0 |      32 |   0.0 |  1093
               +---------+---------+-------+---------+---------+-------+---------

Vault maps used:
D:1:      lightli_arrival_lavapool
D:2:      first_ration, ashenzari_altar_1
D:3:      uniq_robin
D:4:      kennysheep_mini, st_stairs_5, uniq_duvessa, uniq_ijyb
D:5:      portal_sewer_entry_a
D:6:      minmay_temple_entry_purple_smoke, st_stairs_9, minmay_misc_feat_alley
D:7:      serial_shops, shop, shop, nicolae_shop_stone
D:8:      basic_altar, serial_shops, nicolae_shop_behind_doors, uniq_psyche,
          uniq_pikel
D:9:      david_orc_4
D:11:     lair_entry_dummy, basic_altar
D:12:     lemuel_ogre_cave
D:13:     uniq_sonja, uniq_urug, uniq_maurice
D:14:     minmay_the_grid_plus_closed, grunt_vaults_entry_fortified,
          lemuel_crystal_altar, hangedman_pestilent_swarm, uniq_agnes
D:15:     hangedman_depths_entry_try_elsewhere_first, minmay_hedge_maze,
          serial_shops, nicolae_shop_stone, nicolae_shop_stone, shop_statue,
          nicolae_shop_waterfront, shop
Temple:   dpeg_three_leaves_temple
Lair:1:   nicolae_volcano_entry_batcave, basic_altar,
          portal_ice_cave_entry_pillars_1, lemuel_fruit_tree
Lair:2:   minmay_swamp_entry_worms, serial_bayou_ford_a,
          minmay_lair_oklob_chamber
Lair:3:   guppyfry_snake_entry_island, grunt_forest_large_clearings, uniq_snorg
Lair:4:   serial_bayou_shore_a, lemuel_fruit_fields, lemuel_fruit_fields,
          lemuel_fruit_fields, grunt_megastairs_3
Lair:5:   dpeg_slime_entry_enclosed_altar, uniq_nessos, uniq_kirke
Lair:6:   minmay_lair_end_enchanted_forest
Swamp:1:  nicolae_swamp_fairy_circle, swamp_pool1
Swamp:2:  evilmike_swamp_ruin_house_5, infiniplex_staircase_pool
Swamp:3:  evilmike_swamp_ruin_rubble_2, swamp_pool1, uniq_bai_suzhen
Swamp:4:  swamp_alternative, swamp_pool5
Snake:1:  serial_bayou_pond_d
Snake:3:  uniq_aizul
Snake:4:  grunt_snake_rune_spirals, spider_trap, uniq_vashnia, uniq_nikola
Slime:3:  nicolae_slime_phagocytosis
Orc:1:    serial_shops, mines2_david
Orc:2:    st_orc_town, serial_shops, shop_scrolls
Elf:1:    elf_arrival_001, hangedman_elven_crosses_minicolossus
Elf:2:    uniq_donald
Elf:3:    minmay_elf_hall_curves, uniq_asterion
Vaults:1: nicolae_vaults_big_angled_halls, hangedman_vaults_maws,
          nicolae_vaults_puzzle_piece, nicolae_vaults_network_s, v_misc_5,
          nicolae_vaults_little_squares_5, vaults_mumra_minichess, v_misc_27,
          ontoclasm_vaults_decontamination, serial_shops, nicolae_shop_crystal
Vaults:2: nicolae_vaults_stairing_the_circle, hangedman_vaults_trim,
          vaults_room_pools, st_more_cells, v_alt_pattern_6,
          hangedman_vaults_corner_blocks,
          vaults_standard_mumra_enter_the_diamond,
          hangedman_vaults_stretched_pinwheel, nicolae_vaults_little_squares_2,
          ontoclasm_vaults_ring_large, grunt_vaults_twisty,
          ontoclasm_vaults_chip
Vaults:3: hangedman_vaults_impose, nicolae_vaults_network_square,
          nicolae_vaults_network_periphery, minmay_crypt_entry_simple_round,
          ontoclasm_vaults_fault, nicolae_vaults_specimen_jars, v_misc_30,
          dpeg_vaults_monster_row, ontoclasm_vaults_chip,
          nicolae_vaults_yaktaur_gun_rack, ontoclasm_vaults_echo,
          nicolae_vaults_shelves_hall
Vaults:4: nicolae_vaults_windows_and_doors_thing, vaults_room_door_ring,
          hangedman_vaults_corner, hangedman_vaults_nodes,
          hangedman_vaults_snaps, v_misc_29, v_misc_23, v_misc_24,
          vaults_dpeg_encased_lava, vaults_dpeg_cross, nicolae_vaults_little_ls,
          nicolae_vaults_ring_of_whatevers, serial_shops, nicolae_shop_stone,
          basic_altar, uniq_sojobo
Crypt:2:  minmay_shadows, minmay_misc_feat_pillars, minivault_24,
          minmay_misc_feat_cross
Crypt:3:  cryptofortress_bobbens
Depths:1: serial_shops, bzr_entry_water, hell_entry, minmay_misc_feat_hallway,
          minivault_14, kennysheep_just_a_vault, uniq_mara
Depths:2: regret_index_qazlal_generations, enter_ziggurat_a,
          serial_bayou_pond_b, grunt_hell_horde, serial_shops, shop,
          mu_enter_wizlab_5, infiniplex_staircase_zigzag_3
Depths:3: nicolae_whirlpool, hell_entry, abyss_entry_small_statue_room,
          rand_demon_pan_entry_3
Depths:4: hangedman_box_tower, abyss_entry, hell_entry, serial_bayou_pond_c,
          infiniplex_staircase_zigzag_1, firewood_loft
Depths:5: grunt_zot_entry_gee_three, minmay_strange_pillars, hell_entry
Zot:1:    grunt_twist_and_shout
Zot:3:    kennysheep_blocky_hall
Zot:5:    grunt_ministairs_2
Abyss:1:  hangedman_abyss_town, evilmike_abyss_exit_mutagenic,
          hangedman_abyss_river_spirits, minivault_26, evilmike_abyss_exit_14
Abyss:2:  evilmike_abyss_exit_4, evilmike_abyss_exit_11,
          evilmike_abyss_exit_kraken, hangedman_abyss_stitches_cave,
          evilmike_abyss_exit_2, bh_abyss_exit_spiral, minivault_4,
          gammafunk_abyss_exit_x_factor, bh_abyss_exit_grid
Abyss:3:  nicolae_abyss_rune_star_stuff, small_statue_intersection,
          hangedman_classic_abyss_death, abyss_furniture_001,
          evilmike_nicolae_abyss_rune_containment_curve, minivault_25_ag,
          evilmike_nicolae_abyss_rune_betentacled_crabyss,
          evilmike_abyss_exit_13, hangedman_abyss_or_decor_lesser_grid,
          hangedman_decor_riveting, minivault_28, evilmike_abyss_exit_7,
          hangedman_abyss_river_spirits, hangedman_decor_lopped,
          evilmike_abyss_exit_3, guppyfry_abyss_exit_spiral_guarded,
          eino_small_chamber_without_monster, bh_abyss_exit_spiral,
          evilmike_abyss_exit_chaos, evilmike_abyss_exit_1
Abyss:4:  hangedman_abyss_or_decor_stabs, grunt_abyss_rune_wretched_hive,
          serial_sigils_hangedman_quiver, hangedman_abyss_feature_spike,
          hangedman_abyss_theft, minivault_11, gammafunk_abyss_rune_reverse_zot,
          grunt_abyss_exit_deep_breaths, hangedman_abyss_lost_library,
          hangedman_abyss_rune_macabre_mess, guppyfry_abyss_exit_imp_island,
          hangedman_glass_garden, hangedman_abyss_mock_shop,
          evilmike_abyss_exit_9, bh_abyss_exit_spiral, evilmike_abyss_exit_2,
          minivault_27
Abyss:5:  evilmike_abyss_exit_1, hangedman_decor_peaks_small,
          doesnt_abyss_rune_brain_food, evilmike_abyss_exit_vortex,
          hangedman_abyss_or_decor_slice, evilmike_abyss_rune_tso_outpost,
          guppyfry_abyss_exit_imp_island, evilmike_abyss_exit_8,
          lemuel_flamethrower_2, serial_sigils_hangedman_gut,
          abyss_furniture_001, hangedman_decor_points
Pan:      evilmike_mini_pan_layers, uniq_mennas_pan, pan_blood_fountain_small,
          pan_surprise, evilmike_mini_pan_rooms, pan_blood_fountain_small,
          uniq_mennas_pan, regret_index_pan_draining_boxed,
          nicolae_pan_gloorx_vloqian_3, nicolae_pan_sigil_eeng,
          nicolae_pan_giant_door, nicolae_pan_sigil_nadil, rand_demon_1,
          nicolae_pan_gloorx_vloqian_2, cerebov_grunt, mnoleg_grunt,
          evilmike_mini_pan_pillars_b, pan_blood_fountain,
          evilmike_gloorx_vloq_box, rand_demon_6, pan_blood_fountain,
          evilmike_mini_pan_thingy, evilmike_mini_pan_corner,
          evilmike_mini_pan_layers, nicolae_pan_sigil_itan,
          nicolae_pan_gloorx_vloqian_1, reaverb_pan_chaos_star,
          evilmike_mini_pan_V, uniq_ignacio, uniq_mnoleg,
          nicolae_pan_sigil_eeng, nicolae_pan_giant_door, uniq_gloorx_vloq,
          pan_blood_fountain, pan_blood_fountain_2, lom_lobon_grunt,
          uniq_ignacio, special_room
Zig:2:    ziggurat_pillar_centre_c
Zig:6:    ziggurat_pillar_centre_smoke
Zig:10:   ziggurat_pillar_centre_dead_trees
Zig:12:   ziggurat_pillar_centre_oklobs
Zig:18:   ziggurat_pillar_centre_more_plants
Zig:27:   ziggurat_pillar_centre_drop
Bazaar:   bazaar_minmay_row
Sewer:    kennysheep_door_sewer
IceCv:    ice_cave_small_giant
Volcano:  volcano_bunker
WizLab:   wizlab_cloud
